 Dungeon Crawl Stone Soup version 0.30-a0-760-g5a9884bb7c (webtiles) character file.

Game seed: 13626923937516558517

1479368 holysushi the Chief of Staff (level 27, 209/209 HPs)
             Began as an Octopode Conjurer on Feb 5, 2023.
             Was an Initiate of Gozag.
             Quit the game on level 1 of a ziggurat on Feb 11, 2023.
             The game lasted 05:22:48 (148291 turns).

holysushi the Chief of Staff (Octopode Conjurer)  Turns: 148291, Time: 05:22:48

Health: 209/209    AC: 13    Str:  7    XL:     27
Magic:  70/70      EV: 46    Int: 66    God:    Gozag
Gold:   21301      SH: 32    Dex: 34    Spells: 9/76 levels left

rFire   + + +      SeeInvis +    a - +3 Elemental Staff {rElec rF++ rC++ AC+5}
rCold   + + .      Faith    .    m - +4 tower shield of the Garden {rElec rCorr Dex+3}
rNeg    + + +      Spirit   .    N - +3 crown of Dyrovepreva {rElec Int+2 SInv}
rPois   +          Reflect  .    G - amulet "Cuteplic" {RegenMP Str-2 Dex+8 Slay-2 Stlth+}
rElec   +          Harm     .    j - ring of Amorality {Drain Fly rN+ MP+9 Dex+2}
rCorr   +          Rampage  .    V - ring of Ibbagurgh {rN+ Int+6 Dex+3 Slay-4}
Will    +++++      Archmagi +    B - ring "Anodad" {Will++ Dex+6 SInv} Stlth ***+++++++
                                 u - ring of the Mage {Wiz Archmagi}
HPRegen 0.54/turn                Q - ring of Xom's Fair Game {rF+ rN+ Str+3 Int+3}
MPRegen 0.82/turn                o - ring of the Good {Drain rPois rF+ Int+6 Dex+3}
                                 X - ring "Lagem" {rPois Int+6}
                                 P - ring "Nishriba" {rF- rCorr MP+9 Int+7}

@: flying, studying 8 skills
A: almost no armour, amphibious, 8 rings, camouflage 1, gelatinous body 1,
(nimble swimmer 1), tentacles, antennae 1, tentacle spike 1, iridescent scales
2, clever 1, clumsy 1, strong-willed 1, poison resistance
}: 15/15 runes: decaying, slimy, silver, golden, iron, obsidian, icy, bone,
abyssal, demonic, glowing, magical, fiery, dark, gossamer
a: Renounce Religion, Potion Petition, Call Merchant, Bribe Branch


You were on level 1 of a ziggurat.
You worshipped Gozag.
Gozag was extremely pleased with you.
You visited 17 branches of the dungeon, and saw 83 of its levels.
You visited Pandemonium 1 time, and saw 11 of its levels.
You visited the Abyss 1 time.
You visited 3 ziggurats (completing 2), and saw 55 of their levels.
You also visited: Gauntlet and Ice Cave.

You collected 71559 gold pieces.
You spent 6630 gold pieces at shops.
You paid 43628 gold pieces to Gozag.

Inventory:

Hand Weapons
 a - the +3 Elemental Staff (weapon) {rElec rF++ rC++ AC+5}
   (You acquired it on level 1 of the Elven Halls)

   It enhances your fire, ice, earth and air magic.
   AC:        It affects your AC (+5).
   rF:        It greatly protects you from fire.
   rC:        It greatly protects you from cold.
   rElec:     It insulates you from electricity.
 b - the +7 sceptre of Asmodeus
   (You took it off Asmodeus on level 7 of Gehenna)

   Wielding it grants the ability to summon fiery demons, with success rate
   depending on Evocations skill.
   Those summoned this way will remain friendly only for a limited time.
 c - the +4 staff of Dispater
   (You took it off Dispater on level 7 of the Iron City of Dis)

   Wielding it grants the ability to hurl damnation at the cost of health and
   magic, with strength depending on Evocations skill.
Armour
 m - the +4 tower shield of the Garden (worn) {rElec rCorr Dex+3}
   (You took it off a deep elf high priest on level 3 of the Elven Halls)

   Dex:       It affects your dexterity (+3).
   rElec:     It insulates you from electricity.
   rCorr:     It protects you from acid and corrosion.
 y - an orb of energy
 N - the +3 crown of Dyrovepreva (worn) {rElec Int+2 SInv}
   (You bought it in a shop on level 11 of the Dungeon)

   Int:       It affects your intelligence (+2).
   rElec:     It insulates you from electricity.
   SInv:      It lets you see invisible.
Jewellery
 j - the ring of Amorality (left tentacle) {Drain Fly rN+ MP+9 Dex+2}
   (You found it on level 25 of a ziggurat)

   [ring of magical power]

   Dex:       It affects your dexterity (+2).
   rN:        It protects you from negative energy.
   MP:        It affects your magic capacity (+9).
   Fly:       It grants you flight.
   Drain:     It drains your maximum health when unequipped.
 o - the ring of the Good (on tentacle) {Drain rPois rF+ Int+6 Dex+3}
   (You found it on level 12 of a ziggurat)

   [ring of intelligence]

   Int:       It affects your intelligence (+6).
   Dex:       It affects your dexterity (+3).
   rF:        It protects you from fire.
   rPois:     It protects you from poison.
   Drain:     It drains your maximum health when unequipped.
 q - the dreamshard necklace {*Dream Drain}
   (You found it on level 22 of a ziggurat)

   [amulet of nothing]

   *Dream:    It shatters if its wearer takes lethal or near-lethal damage,
   preventing the blow and releasing protective dreams that heal and fight for
   the wearer.
   Drain:     It drains your maximum health when unequipped.
 u - the ring of the Mage (on tentacle) {Wiz Archmagi}
   (You found it on level 24 of a ziggurat)

   [ring of wizardry]

   It improves your spell success rate.
   Archmagi:  It increases the power of your magical spells.
 w - the ring of Suspicion {+Blink rF+++ AC+4 Str-3 Stlth+}
   (You bought it in a shop in the Vestibule of Hell)

   [ring of protection]

   AC:        It affects your AC (+4).
   Str:       It affects your strength (-3).
   rF:        It renders you almost immune to fire.
   +Blink:    It lets you blink.
   Stlth:     It makes you more stealthy.
 z - the ring "Ydihil" {+Blink EV+5 Str-5 Int+6 Stlth-}
   (You found it on level 6 of a ziggurat)

   [ring of evasion]

   EV:        It affects your evasion (+5).
   Str:       It affects your strength (-5).
   Int:       It affects your intelligence (+6).
   +Blink:    It lets you blink.
   Stlth:     It makes you less stealthy.
 B - the ring "Anodad" (on tentacle) {Will++ Dex+6 SInv}
   (You bought it in a shop in the Vestibule of Hell)

   [ring of dexterity]

   Dex:       It affects your dexterity (+6).
   SInv:      It lets you see invisible.
   Will:      It greatly increases your willpower.
 D - the ring of the Tortoise {AC+8}
   (You found it on level 25 of a ziggurat)

   [ring of protection]

   AC:        It affects your AC (+8).
 G - the amulet "Cuteplic" (around mantle) {RegenMP Str-2 Dex+8 Slay-2 Stlth+}
   (You found it on level 3 of the Depths)

   [amulet of magic regeneration]

   It increases your rate of magic regeneration.
   Str:       It affects your strength (-2).
   Dex:       It affects your dexterity (+8).
   Slay:      It affects your accuracy & damage with ranged weapons and melee
   (-2).
   Stlth:     It makes you more stealthy.
 P - the ring "Nishriba" (on tentacle) {rF- rCorr MP+9 Int+7}
   (You took it off a deep elf sorcerer on level 3 of the Elven Halls)

   [ring of magical power]

   Int:       It affects your intelligence (+7).
   rF:        It makes you vulnerable to fire.
   MP:        It affects your magic capacity (+9).
   rCorr:     It protects you from acid and corrosion.
 Q - the ring of Xom's Fair Game (on tentacle) {rF+ rN+ Str+3 Int+3}
   (You took it off a deep elf demonologist on level 3 of the Elven Halls)

   [ring of protection from fire]

   Str:       It affects your strength (+3).
   Int:       It affects your intelligence (+3).
   rF:        It protects you from fire.
   rN:        It protects you from negative energy.
 R - the ring of Wituhel {Str+2 Int+6}
   (You found it on level 22 of a ziggurat)

   [ring of intelligence]

   Str:       It affects your strength (+2).
   Int:       It affects your intelligence (+6).
 V - the ring of Ibbagurgh (right tentacle) {rN+ Int+6 Dex+3 Slay-4}
   (You found it on level 2 of the Orcish Mines)

   [ring of intelligence]

   Int:       It affects your intelligence (+6).
   Dex:       It affects your dexterity (+3).
   Slay:      It affects your accuracy & damage with ranged weapons and melee
   (-4).
   rN:        It protects you from negative energy.
 X - the ring "Lagem" (on tentacle) {rPois Int+6}
   (You found it on level 26 of a ziggurat)

   [ring of intelligence]

   Int:       It affects your intelligence (+6).
   rPois:     It protects you from poison.
Wands
 v - a wand of digging (6)
 A - a wand of light (35)
 I - a wand of iceblast (10)
Scrolls
 g - 10 scrolls of vulnerability
 k - 45 scrolls of teleportation
 x - 14 scrolls of blinking
 C - 17 scrolls of immolation
 J - 11 scrolls of amnesia
 L - 33 scrolls of fog
 O - 20 scrolls of enchant armour
 S - a scroll of acquirement
 W - 12 scrolls of fear
 Y - 5 scrolls of butterflies
Potions
 d - 2 potions of brilliance
 e - 33 potions of curing
 f - 45 potions of mutation
 h - 15 potions of cancellation
 i - 10 potions of experience
 r - 15 potions of flight
 t - 11 potions of lignification
 F - 5 potions of ambrosia
 H - 6 potions of invisibility
 K - 13 potions of heal wounds
 M - 13 potions of resistance
 T - 17 potions of might
 U - 6 potions of haste
 Z - 11 potions of magic
Miscellaneous
 l - a box of beasts (inert)
 n - a condenser vane (inert)
 p - a phantom mirror (inert)
 s - a +2 figurine of a ziggurat
 E - the horn of Geryon (inert)


   Skills:
 + Level 22.7 Fighting
 O Level 27 Staves
 + Level 25.6 Dodging
 + Level 26.6 Stealth
 + Level 21.7 Shields
 + Level 25.3 Spellcasting
 - Level 20.0 Conjurations
 - Level 4.0 Hexes
 - Level 24.0 Summonings
 - Level 14.6 Necromancy
 - Level 11.0 Transmutations
 - Level 24.0 Ice Magic
 - Level 24.0 Air Magic
 - Level 24.8 Earth Magic
 O Level 27 Evocations


You had 9 spell levels left.
You knew the following spells:

 Your Spells              Type           Power      Damage    Failure   Level
a - Lehudib's Crystal Sp  Conj/Erth      100%       10d22     1%          8
b - Iron Shot             Conj/Erth      100%       9d18      0%          6
c - Chain Lightning       Conj/Air       100%       3d133     1%          9
d - Shatter               Erth           100%       3d71*     1%          9
e - Necromutation         Tmut/Necr      77%        N/A       1%          8
f - Death Channel         Necr           80%        N/A       1%          6
g - Searing Ray           Conj           100%       2d8       0%          2
j - Polar Vortex          Ice            100%       N/A       1%          9
l - Dragon's Call         Summ           92%        N/A       1%          9
m - Apportation           Tloc           100%       N/A       1%          1

Your spell library contained the following spells:

 Spells                   Type           Power      Damage    Failure   Level
 Beastly Appendage        Tmut           100%       N/A       0%          1
 Foxfire                  Conj/Fire      100%       2x1d9     0%          1
 Kiss of Death            Conj/Necr      100%       2d13      0%          1
 Magic Dart               Conj           100%       1d8       0%          1
 Necrotise                Necr           100%       1d9       0%          1
 Sandblast                Erth           100%       2d20      0%          1
 Shock                    Conj/Air       100%       1d9       0%          1
 Slow                     Hex            100%       N/A       0%          1
 Sting                    Tmut/Pois      100%       1d8       0%          1
 Summon Small Mammal      Summ           100%       N/A       0%          1
 Call Imp                 Summ           100%       N/A       0%          2
 Cigotuvi's Dreadful Rot  Necr/Pois/Air  100%       N/A       0%          2
 Ensorcelled Hibernation  Hex/Ice        100%       N/A       0%          2
 Momentum Strike          Conj/Tloc      100%       3d10      0%          2
 Passwall                 Tmut/Erth      100%       N/A       0%          2
 Poisonous Vapours        Pois/Air       100%       N/A       0%          2
 Static Discharge         Conj/Air       100%       2-7/arc   0%          2
 Sublimation of Blood     Necr           100%       N/A       0%          2
 Wereblood                Tmut           100%       N/A       0%          2
 Call Canine Familiar     Summ           100%       N/A       0%          3
 Dazzling Flash           Conj/Hex       100%       N/A       0%          3
 Frozen Ramparts          Ice            100%       1d16      0%          3
 Hailstorm                Conj/Ice       100%       3d20      0%          3
 Kindle Blastsparks       Fire/Tloc/Air  100%       2d18      0%          3
 Mephitic Cloud           Conj/Pois/Air  100%       N/A       0%          3
 Ozocubu's Armour         Ice            100%       N/A       0%          3
 Stone Arrow              Conj/Erth      100%       3d13      0%          3
 Summon Guardian Golem    Hex/Summ       100%       N/A       0%          3
 Swiftness                Air            100%       N/A       0%          3
 Vampiric Draining        Necr           100%       2d13      0%          3
 Vhi's Electric Charge    Tloc/Air       100%       N/A       0%          3
 Airstrike                Air            100%       2d(15-31) 0%          4
 Anguish                  Hex/Necr       71%        N/A       0%          4
 Dispel Undead            Necr           100%       3d31      0%          4
 Flame Wave               Conj/Fire      100%       2d21      0%          4
 Fulminant Prism          Conj/Hex       76%        3d31      0%          4
 Ice Form                 Ice/Tmut       100%       N/A       0%          4
 Iskenderun's Mystic Bla  Conj/Tloc      100%       2d19      0%          4
 Leda's Liquefaction      Hex/Erth       93%        N/A       0%          4
 Petrify                  Tmut/Erth      100%       N/A       0%          4
 Sticky Flame             Conj/Fire      100%       2d11      0%          4
 Summon Ice Beast         Ice/Summ       100%       N/A       0%          4
 Summon Lightning Spire   Summ/Air       100%       N/A       0%          4
 Agony                    Necr           100%       N/A       0%          5
 Arcjolt                  Conj/Air       100%       1d110     0%          5
 Borgnjor's Vile Clutch   Necr/Erth      100%       N/A       0%          5
 Freezing Cloud           Conj/Ice/Air   100%       6-21      0%          5
 Irradiate                Conj/Tmut      81%        3d38      0%          5
 Iskenderun's Battlesphe  Conj           100%       2d15      0%          5
 Lee's Rapid Deconstruct  Erth           100%       3d44*     0%          5
 Lightning Bolt           Conj/Air       100%       1d131     0%          5
 Metabolic Englaciation   Hex/Ice        92%        N/A       0%          5
 Silence                  Hex/Air        92%        N/A       0%          5
 Summon Forest            Summ/Tloc      76%        N/A       0%          5
 Summon Mana Viper        Hex/Summ       100%       N/A       0%          5
 Conjure Ball Lightning   Conj/Air       100%       3x3d38    0%          6
 Statue Form              Tmut/Erth      100%       N/A       0%          6
 Summon Cactus Giant      Summ           92%        N/A       0%          6
 Monstrous Menagerie      Summ           92%        N/A       0%          7
 Ozocubu's Refrigeration  Ice            100%       4d29      0%          7
 Spellforged Servitor     Conj/Summ      90%        N/A       0%          7
 Summon Hydra             Summ           92%        N/A       0%          7
 Blink                    Tloc           100%       N/A       1%          2
 Lesser Beckoning         Tloc           100%       N/A       1%          2
 Scorch                   Fire           100%       2d10      1%          2
 Confusing Touch          Hex            100%       N/A       1%          3
 Gell's Gravitas          Tloc           90%        N/A       1%          3
 Ignite Poison            Fire/Tmut/Pois 100%       N/A       1%          3
 Inner Flame              Hex/Fire       100%       N/A       1%          3
 Portal Projectile        Hex/Tloc       100%       N/A       1%          3
 Spider Form              Tmut/Pois      100%       N/A       1%          3
 Teleport Other           Tloc           90%        N/A       1%          3
 Tukima's Dance           Hex            100%       N/A       1%          3
 Cause Fear               Hex            58%        N/A       1%          4
 Manifold Assault         Tloc           90%        N/A       1%          4
 Olgreb's Toxic Radiance  Pois           90%        N/A       1%          4
 Passage of Golubria      Tloc           90%        N/A       1%          4
 Alistair's Intoxication  Tmut/Pois      83%        N/A       1%          5
 Blade Hands              Tmut           74%        N/A       1%          5
 Fireball                 Conj/Fire      85%        3d31      1%          5
 Yara's Violent Unravell  Hex/Tmut       67%        3d25      1%          5
 Eringya's Noxious Bog    Tmut/Pois      62%        N/A       1%          6
 Starburst                Conj/Fire      85%        6d21      1%          6
 Dragon Form              Tmut           74%        N/A       1%          7
 Haunt                    Necr/Summ      87%        N/A       1%          7
 Malign Gateway           Summ/Tloc      76%        N/A       1%          7
 Orb of Destruction       Conj           87%        9d19      1%          7
 Storm Form               Tmut/Air       98%        N/A       1%          7
 Borgnjor's Revivificati  Necr           80%        N/A       1%          8
 Infestation              Necr           80%        N/A       1%          8
 Maxwell's Capacitive Co  Air            100%       ∞         1%          8
 Summon Horrible Things   Summ           92%        N/A       1%          8
 Dispersal                Tloc           45%        N/A       7%          6
 Enfeeble                 Hex            58%        N/A       8%          7
 Death's Door             Necr           80%        N/A       11%         9
 Discord                  Hex            58%        N/A       45%         8
 Fire Storm               Conj/Fire      85%        8d21      56%         9
 Disjunction              Tloc           45%        N/A       94%         8
 Ignition                 Fire           56%        3d15      94%         8
 Animate Armour           Summ/Erth      Unusable   N/A       N/A         4
 Animate Dead             Necr           Unusable   N/A       N/A         4
 Simulacrum               Ice/Necr       Unusable   N/A       N/A         6

Dungeon Overview and Level Annotations

Branches:
Dungeon (15/15)            Temple (1/1) D:7            Lair (5/5) D:11
  Swamp (4/4) Lair:3       Spider (4/4) Lair:3        Slime (5/5) Lair:5
    Orc (2/2) D:9             Elf (3/3) Orc:2        Vaults (5/5) D:13
  Crypt (3/3) Vaults:3       Tomb (3/3) Crypt:3      Depths (4/4) D:15
   Hell (visited)             Dis (7/7) Hell            Geh (7/7) Hell
    Coc (7/7) Hell            Tar (7/7) Hell            Zot (0/5) Depths:4
  IceCv (visited)         Gauntlet (visited)

Altars:
Ashenzari
Cheibriados
Elyvilon
Fedhas
Gozag
Kikubaaqudgha
Makhleb
Okawaru
Qazlal
Trog
Vehumet
Wu Jian
Xom
Yredelemnul
Zin
The Shining One

Shops:
D:1 =   D:10 =*   D:11 ([   D:14 (   D:15 ?   Orc:2 *!?*(:[   Lair:3 *
Lair:5 ?   Swamp:3 =   Vaults:2 (   Vaults:4 ([   Hell :=   Depths:2 [
Depths:4 [

Portals:
Hell: Depths:1 Depths:2 Depths:3 Depths:4
Abyss: Depths:1 Depths:3
Pandemonium: Depths:2 Depths:4

Annotations:
D:2 1 runed translucent door, Crazy Yiuf
D:3 exclusion: downstairs
D:4 exclusion: downstairs
D:5 exclusion: downstairs
Elf:2 3 runed translucent doors
Crypt:1 2 transporters
Depths:4 1 transporter
Dis:4 11 runed doors


Innate Abilities, Weirdness & Mutations

You cannot wear most types of armour.
You are amphibious.
You can wear up to eight rings at the same time.
Your skin changes colour to match your surroundings (Stealth+).
Your rubbery body absorbs attacks. (AC +1, EV +1)
((You are camouflaged when in or above water. (Stealth+)))
You have tentacles for arms and can constrict up to eight enemies at once.
You have a pair of small antennae on your head.
One of your tentacles bears a spike.
You are mostly covered in iridescent scales. (AC +4)
Your mind is acute. (Int +4, Str/Dex -1)
You are clumsy. (Dex -2)
You are strong-willed. (Will+)
Your system is resistant to poisons. (rPois)


Message History

You see here a scroll of identify.
You see here the +1 rapier "Qysobist" {flame, Dex+3}.
You see here a scroll of identify.
You see here a +2 long sword of holy wrath.
f - 45 potions of mutation (gained 1)
You see here a +2 long sword of holy wrath.
You see here the Folio of Befouled Frostbite.
Z - 11 potions of magic (gained 5)
You see here a +2 battleaxe of flaming.
You now have 21301 gold pieces (gained 22).
Done exploring.
Done exploring.
Done exploring.
Done exploring.
Done exploring.
Done exploring.
You see here a +2 battleaxe of flaming.
You see here a +4 dire flail of protection.
You see here 2 atropa-tipped darts.
Search for what [Enter for "@", or ? for help]? @ You see here the ring "Tuditt" {Ice rPois}.
There is a gate leading back out of this place here.
You see here a +0 rapier of protection.
Welcome back to the Vaults!
There is an empty arch of ancient stone here.
Welcome back, holysushi the Octopode Conjurer.
Gozag says: Greed is good.
Press ? for a list of commands and other information.
Okay, then.
Hit: a) +3 Elemental Staff {rElec rF++ rC++ AC+5}
Press: ? - help, Dir - move target, f - you
Okay, then.
You set the figurine down, and a mystic portal to a ziggurat forms.
If you enter this portal you might not be able to return immediately.
Continue?
The world spins around you as you enter the gateway.
You land on top of a ziggurat so tall you cannot make out the ground.
There is an empty arch of ancient stone here.
You have no ailments to cure.
Unknown command.
Are you sure you want to abandon this character and quit the game? (Confirm with "yes".)

▓▓▓▓▓▓▓
▓▓.......
▓▓........
▓.@.......
▓▓........
▓▓.......
▓▓▓▓▓▓▓


There were no monsters in sight!

Vanquished Creatures
  Cerebov (Pan)
  Antaeus (Coc:7)
  Asmodeus (Geh:7)
  the Royal Jelly (Slime:5)
  Gloorx Vloq (Pan)
  The ghost of MrSquiggles the Archmage, a legendary OpEE of Vehumet (Zig:27)
  The ghost of Lemondrips the Earth Mage, a legendary DgEE (Zig:13)
  The ghost of Motirgh the Ruinous, a legendary DgHW (Zig:27)
  the Serpent of Hell (Dis:7)
  A seraph (Pan)
  Lom Lobon (Pan)
  17 dread liches
  The ghost of Oreexun the Archmage, a legendary DECj of Vehumet (Zig:27)
  Mnoleg (Pan)
  The ghost of Teaz Xo Upt the Hoplite, a legendary GnFE of Ashenzari (Zig:27)
  Khufu (Tomb:1)
  Dispater (Dis:7)
  7 ancient liches
  The ghost of scionoferis the Ruinous, a legendary DgCj (Zig:13)
  An orb of fire (Zig:4)
  The ghost of deprived the Acolyte, a legendary HOFi of the Shining One (Zig:27)
  The ghost of sleeves the Acolyte, a legendary HuSk of the Shining One (Zig:27)
  The ghost of MrSquiggles the Talismancer, a legendary MiMo of Qazlal (Zig:13)
  The ghost of pigah the Meteorologist, a legendary OpWn of Gozag (Zig:13)
  22 pandemonium lords
  The ghost of Xatwola the Axe Maniac, a legendary DDFi of Makhleb (Zig:27)
  The ghost of Hewasun the Conqueror, a legendary MiBe of the Shining One (Zig:27)
  The ghost of ooooo the Pyromancer, a legendary DsCj of Gozag (Zig:27)
  Mara (Depths:1)
  The ghost of Qeilemp the Conqueror, a legendary HOFi of Beogh (Zig:27)
  Mennas (Depths:4)
  The ghost of Zoplarin the Conqueror, a legendary BaSk of Cheibriados (Zig:27)
  The ghost of Wammos the Grand Master, a legendary TeCj of Cheibriados (Zig:27)
  The ghost of Qupubruts the Slayer, a master HOFi of Okawaru (Zig:27)
  The ghost of Alysiarr the Cutthroat, a legendary KoHu of Okawaru (Zig:27)
  The ghost of holysushi the Metallomancer, a legendary OpCj of Gozag (Zig:13)
  13 juggernauts
  The ghost of wormed the Octopus of Death, a legendary OpTm of Gozag (Zig:27)
  46 royal mummies
  The ghost of Rirumasy the Octopoid Blade, a legendary OpWn of Gozag (Zig:27)
  Vv (Depths:4)
  11 Killer Klowns
  Saint Roka (Depths:1)
  The ghost of Piginabag the Questioner, a veteran GnMo of Ru (Zig:27)
  The ghost of frimble the Slayer, a legendary GrFi of Okawaru (Zig:27)
  26 shard shrikes
  Xtahua (Vaults:4)
  34 caustic shrikes
  The ghost of meatyocre the Brawler, a veteran TrFi of Uskayaw (Zig:27)
  The ghost of MrSquiggles the Crack Shot, a veteran MiHu of Okawaru (Zig:27)
  2 curse toes
  Geryon (Hell)
  28 golden dragons
  10 profane servitors
  4 pearl dragons
  Jory (Depths:3)
  23 bone dragons
  16 Tzitzimimeh
  21 doom hounds
  The ghost of Kucw the Warrior, an adept GrFi of Cheibriados (Crypt:1)
  A spectral shard shrike (Tar:1)
  22 Brimstone Fiends
  31 hellephants
  21 Hell Sentinels
  12 iron giants
  Jorgrun (Spider:3)
  Zenata (Vaults:4)
  16 tainted leviathans
  11 liches
  29 searing wretches
  44 Ice Fiends
  32 tentacled monstrosities
  A shard shrike skeleton (Crypt:3)
  31 titans
  A walking divine tome (Depths:2)
  29 Executioners
  Asterion (Depths:1)
  A quicksilver dragon (shapeshifter) (Zig:25)
  12 deep elf master archers
  An eldritch tentacle (Tomb:2)
  9 quicksilver dragons
  8 deep elf blademasters
  37 acid blobs
  10 sphinxes
  Agnes (D:14)
  A shadow dragon (shapeshifter) (Zig:25)
  A sphinx (shapeshifter) (Zig:25)
  24 tentacled starspawn
  4 thorn hunters
  The ghost of Amikeex the Brawler, an adept TrMo of Nemelex Xobeh (Zig:27)
  19 shadow dragons
  Gastronok (Lair:2)
  32 ancient champions
  4 storm dragons
  13 tengu reavers
  Donald (Elf:1)
  18 daevas
  34 nagarajas
  10 demonspawn warmongers
  21 azure jellies
  13 rockslimes
  3 fenstrider witches
  29 fire giants
  25 narguns
  20 vault wardens
  3 fire giants (shapeshifter) (Zig:25)
  15 quicksilver elementals
  21 revenants
  4 fenstrider witches (shapeshifter)
  Aizul (Depths:1)
  A frost giant (shapeshifter) (Zig:25)
  10 draconian knights
  24 frost giants
  16 iron dragons
  19 deep elf sorcerers
  5 shard shrike simulacra
  19 emperor scorpions
  27 ghost moths
  20 ironbound preservers
  2 juggernaut zombies
  A spectral caustic shrike (Tar:3)
  2 caustic shrike zombies (Zig:19)
  15 curse skulls
  Louise (D:14)
  24 angels (Pan)
  7 ghouls (Crypt:3)
  2 draconian stormcallers
  3 broodmothers
  63 balrugs
  23 cacodemons
  4 draconian annihilators
  4 deep elf elementalists (Elf:3)
  2 spectral juggernauts (Tar:5)
  7 orc warlords
  2 draconian shifters
  17 ophanim (Pan)
  18 demonspawn corrupters
  28 war gargoyles
  A juggernaut skeleton (Pan)
  2 spriggan defenders (Depths:2)
  8 ironbound thunderhulks
  8 demonspawn blood saints
  21 quicksilver oozes
  A quicksilver ooze (shapeshifter) (Zig:25)
  31 very ugly things
  19 stone giants
  17 reapers
  2 caustic shrike skeletons
  29 apis (Pan)
  2 eleionomae (shapeshifter)
  6 green draconians
  2 stone giants (shapeshifter)
  15 elemental wellsprings
  14 demonspawn black suns
  14 eleionomae
  10 lorocyprocas
  4 black draconians
  8 vampire knights
  18 deep elf demonologists
  15 deep elf annihilators
  12 bunyips
  A minotaur (shapeshifter) (Zig:18)
  33 wendigos
  13 putrid mouths
  2 purple draconians (Depths:4)
  20 dire elephants
  12 spark wasps
  6 bennus
  Snorg (D:11)
  A spark wasp (shapeshifter) (Vaults:3)
  3 white draconians
  A spectral quicksilver dragon (Tar:2)
  26 iron golems
  39 eidola
  9 crystal guardians
  38 blizzard demons
  24 ettins
  3 merfolk impalers
  25 green deaths
  7 deep elf high priests
  14 merfolk javelineers
  The ghost of drewk1942 the Prestidigitator, a journeyman GnWn of Cheibriados (Orc:2)
  14 deep elf death magi
  34 mummy priests
  10 jiangshi
  11 fire dragons
  8 shambling mangroves
  24 great orbs of eyes
  62 hydras
  A kraken zombie (Hell)
  19 salamander tyrants
  The ghost of lotum the Zephyrmancer, a journeyman NaHW of Cheibriados (D:10)
  12 entropy weavers
  2 spectral spriggans
  22 yaktaur captains
  4 rakshasas
  32 vault guards
  A fenstrider witch zombie (Crypt:1)
  2 merfolk avatars (Zig:24)
  14 ice dragons
  A peacekeeper (Vaults:4)
  10 spriggan air magi
  5 stokers
  14 ironbound frosthearts
  An anaconda (shapeshifter) (Zig:9)
  4 ogre magi
  6 hell beasts
  Erica (Lair:1)
  10 juggernaut simulacra
  8 caustic shrike simulacra
  7 ghost crabs
  4 alligator snapping turtles (Zig:27)
  4 anacondas
  A boulder beetle (shapeshifter) (Zig:7)
  20 centaur warriors
  3 jorogumos
  21 alligators
  11 merfolk aquamancers
  A fenstrider witch skeleton (Crypt:1)
  5 naga warriors
  6 radroaches
  3 catoblepae
  14 boulder beetles
  A satyr (shapeshifter) (Zig:11)
  6 death knights
  2 spriggan skeletons
  35 dancing weapons
  7 two-headed ogres
  53 hell hogs
  19 vampire magi
  A two-headed ogre (shapeshifter) (Zig:9)
  3 satyrs (Zig:10)
  9 deep troll earth magi
  4 deep troll shamans
  8 tengu warriors
  A titan zombie (Crypt:3)
  2 shock serpents (shapeshifter)
  38 death scarabs
  9 death yaks
  53 sun demons
  17 deep elf knights
  5 spriggan berserkers
  10 naga sharpshooters
  7 orc high priests
  3 spectral dire elephants
  20 soul eaters
  5 shock serpents (Zig:24)
  A titan skeleton (Crypt:2)
  A storm dragon zombie (Zig:19)
  14 hell knights
  16 thrashing horrors
  5 crystal echidnas
  5 pharaoh ants
  24 shadow wraiths
  40 wretched stars
  28 sixfirhies
  4 spriggans
  5 fire crabs
  9 spatial maelstroms
  A spectral bunyip (Tar:2)
  7 quicksilver dragon simulacra
  2 sea snakes (shapeshifter)
  10 goliath frogs
  A storm dragon skeleton (Pan)
  4 shadow demons
  24 skeletal warriors
  An anaconda zombie (Tomb:2)
  16 cherubim (Pan)
  A death drake (shapeshifter) (Zig:11)
  18 death drakes
  A goliath frog (shapeshifter) (Zig:25)
  2 salamander mystics (Zig:24)
  A sun moth (Zig:26)
  54 deep trolls
  5 iron trolls
  6 sea snakes
  12 flayed ghosts
  2 spectral anacondas (Tar:5)
  A kraken simulacrum (Hell)
  20 orb spiders
  3 naga ritualists (Zig:24)
  41 swamp dragons
  An orb spider (shapeshifter) (Zig:18)
  15 wizards
  11 spriggan druids
  A bunyip skeleton (Pan)
  3 spectral hydras
  A spark wasp zombie (D:15)
  11 bog bodies
  2 swamp dragons (shapeshifter)
  Pikel (D:3)
  27 deep elf archers
  6 spriggan simulacra
  2 anaconda skeletons
  A sphinx zombie (Vaults:4)
  25 ironbound convokers
  16 lindwurms
  7 obsidian statues
  A steelbarb worm (shapeshifter) (Vaults:5)
  9 glowing orange brains
  2 golden dragon skeletons
  20 phantasmal warriors
  20 necromancers
  11 orange crystal statues
  10 steelbarb worms
  2 mana vipers
  35 deep elf zephyrmancers
  2 harpies (Zig:24)
  2 shadow dragon skeletons (Crypt:1)
  16 orc knights
  An iron dragon zombie (Crypt:3)
  A shadow dragon zombie (Crypt:3)
  64 starcursed masses
  46 deep elf pyromancers
  2 spectral ettins (Tar:1)
  16 orc sorcerers
  22 wolf spiders
  12 shining eyes
  72 ugly things
  2 mana vipers (shapeshifter)
  11 moths of wrath
  17 cyclopes
  A faun (shapeshifter) (Gauntlet)
  A spectral alligator snapping turtle (Tar:1)
  A salamander (Zig:24)
  2 moths of wrath (shapeshifter) (Zig:25)
  3 fauns (Zig:10)
  19 will-o-the-wisps
  2 stone giant zombies
  7 manticores
  12 guardian serpents
  A worldbinder (Abyss:2)
  26 elephants
  2 stone giant skeletons (D:15)
  2 oklob plants (Zig:16)
  3 naga zombies
  33 black mambas
  A water nymph (Zig:24)
  A centaur zombie (Tomb:1)
  18 ice statues
  A dire elephant zombie (Tomb:3)
  Maurice (D:8)
  An eye of devastation (shapeshifter) (Zig:18)
  19 demonic crawlers
  3 rust devils
  53 smoke demons
  14 apocalypse crabs
  5 titan simulacra
  10 molten gargoyles
  An alligator snapping turtle zombie (Crypt:3)
  A storm dragon simulacrum (Zig:18)
  4 centaur skeletons
  8 naga magi
  A water nymph (shapeshifter) (D:14)
  2 naga skeletons
  8 eyes of devastation
  15 torpor snails
  4 unseen horrors
  An orb spider zombie (Crypt:2)
  A yaktaur zombie (Vaults:4)
  3 gargoyles
  38 hellions
  23 orange demons
  25 cane toads
  40 rime drakes
  A komodo dragon (shapeshifter) (Depths:2)
  16 vault sentinels
  A sea snake zombie (Hell)
  2 yaktaurs (shapeshifter)
  5 tengu conjurers
  3 golden dragon simulacra
  2 spectral nagas
  60 yaktaurs
  13 efreet
  23 komodo dragons
  9 anaconda simulacra
  3 bunyip simulacra
  2 yaktaur skeletons
  15 freezing wraiths
  An iron giant simulacrum (Coc:2)
  An alligator snapping turtle skeleton (Crypt:3)
  20 ice devils
  36 tormentors
  26 hellwings
  55 guardian mummies
  A merfolk (shapeshifter) (Zig:11)
  3 red devils
  2 spectral harpies
  A hydra zombie (Hell)
  2 human skeletons
  11 trolls
  3 shadow dragon simulacra
  20 polar bears
  10 meliai
  26 ancient zymes
  A sea snake skeleton (Hell)
  23 tarantellas
  4 bloated husks
  Prince Ribbit (D:7)
  A tengu simulacrum (Zig:15)
  22 hornets
  2 wind drakes
  A sphinx simulacrum (Zig:14)
  10 tyrant leeches
  3 merfolk
  6 blink frogs
  3 harpy zombies
  3 harpy skeletons
  10 raiju
  A hydra skeleton (Hell)
  An ettin zombie (Crypt:3)
  29 jumping spiders
  A tarantella zombie (Crypt:3)
  2 culicivora zombies (Crypt:3)
  A snapping turtle (Zig:27)
  A dream sheep (shapeshifter) (Gauntlet)
  3 stone giant simulacra
  26 culicivoras
  3 fire giant simulacra
  3 iron dragon simulacra
  A jumping spider (shapeshifter) (D:15)
  A guardian serpent zombie (Crypt:3)
  19 flying skulls
  2 snapping turtles (shapeshifter)
  5 air elementals
  4 centaur simulacra
  An elf simulacrum (Vaults:5)
  A black mamba zombie (Crypt:2)
  107 slime creatures
  27 ynoxinuls
  2 shadows
  A culicivora (shapeshifter) (Zig:7)
  5 dire elephant simulacra
  A fire dragon skeleton (Crypt:3)
  16 water elementals
  7 wraiths
  21 ushabtiu
  2 vampires (Crypt:3)
  11 wyverns
  53 yaks
  A black mamba skeleton (Pan)
  6 fire bats (Gauntlet)
  5 fire elementals
  A golden eye (shapeshifter) (Zig:25)
  14 basilisks
  54 neqoxecs
  2 yaktaur simulacra
  16 golden eyes
  11 harpy simulacra
  An alligator snapping turtle simulacrum (Coc:3)
  54 redbacks
  A redback (shapeshifter) (Zig:25)
  7 steam dragons
  17 chaos spawn
  A deep troll zombie (Crypt:1)
  A naga (shapeshifter) (Zig:25)
  8 nagas
  13 vampire mosquitoes
  Edmund (D:5)
  9 wargs
  A demonspawn zombie (Crypt:3)
  7 hydra simulacra
  11 swamp worms
  21 water moccasins
  2 swamp worms (shapeshifter)
  8 floating eyes
  6 acid dragons
  A glowing shapeshifter skeleton (Vaults:4)
  7 hell hounds
  A floating eye (shapeshifter) (Vaults:3)
  55 orc warriors
  A fire bat skeleton (Crypt:1)
  21 swamp drakes
  10 ice beasts
  3 fire dragon simulacra
  A cane toad skeleton (Crypt:3)
  4 ettin simulacra
  62 large abominations
  A black mamba simulacrum (Vaults:4)
  2 black bears
  A manticore skeleton (Crypt:3)
  A swamp dragon zombie (Crypt:2)
  An alligator simulacrum (Hell)
  15 ogres
  5 boggarts (Vaults:2)
  38 wolves
  13 centaurs
  A rime drake zombie (Crypt:2)
  A lemure (D:3)
  2 elf zombies (Elf:1)
  2 kobold brigands
  A gnoll sergeant (D:13)
  5 scorpions
  10 small abominations
  4 necrophages
  A bullfrog (shapeshifter) (Elf:1)
  A two-headed ogre simulacrum (Crypt:2)
  12 earth elementals
  A demonspawn simulacrum (Crypt:1)
  14 bullfrogs
  A cyclops zombie (Crypt:1)
  2 glowing shapeshifter simulacra
  A water moccasin skeleton (Crypt:1)
  5 wights (D:7)
  8 killer bees
  A human simulacrum (Vaults:4)
  4 electric eels
  3 vampire bats (D:3)
  6 howler monkeys
  6 lava snakes
  5 quasits
  3 hounds
  2 jellies (D:7)
  27 orc priests
  A human zombie (Crypt:2)
  A hound (shapeshifter) (Gauntlet)
  4 gnoll boudas
  An iron imp (Abyss:3)
  Jessica (D:2)
  Ijyb (D:5)
  4 iguanas
  45 orc wizards
  17 hell rats
  A troll simulacrum (Vaults:4)
  An ogre skeleton (Crypt:1)
  72 mummies
  16 gnolls
  6 naga simulacra
  9 adders
  A shadow imp (D:7)
  A white imp (Abyss:3)
  2 ufetubi
  A lava snake skeleton (Crypt:3)
  A worm (D:5)
  3 dart slugs
  82 orcs
  7 endoplasms
  3 giant cockroaches
  11 hobgoblins
  2 jackals (D:4)
  4 quokkas
  8 ball pythons
  A ball python zombie (Crypt:2)
  13 bats
  3 frilled lizards
  7 goblins
  A jackal skeleton (Crypt:2)
  20 kobolds
  An orc skeleton (Crypt:1)
  3 rats
  A river rat skeleton (Crypt:2)
  A ball lightning (Pan)
  16 briar patches (Zig:23)
  6 creeping infernos
  5 fire vortices
  2 fulminant prisms
  9 starspawn tentacles
  A tentacle (Hell)
  2 withered plants (D:15)
5859 creatures vanquished.

Vanquished Creatures (collateral kills)
  A dread lich (Zig:26)
  The ghost of andrewp the Conqueror, a veteran MiBe of Trog (Zig:27)
  A Killer Klown (Zig:11)
  The ghost of Anafel the Impregnable, a legendary GrFi of the Shining One (Zig:27)
  A caustic shrike (Dis:3)
  A Brimstone Fiend (Geh:7)
  A bone dragon (Zig:26)
  A tentacled monstrosity (Pan)
  A walking divine tome (Zig:26)
  A tentacled starspawn (Zig:26)
  A draconian monk (Zig:26)
  2 balrugs (Geh:7)
  A spectral titan (Tar:1)
  A deep elf death mage (Zig:27)
  A crystal guardian (Zig:26)
  A ghost crab (Zig:27)
  A thrashing horror (Zig:26)
  A wretched star (Zig:26)
  2 spatial maelstroms (Zig:26)
  A shining eye (Pan)
  A spectral fire dragon (Tar:1)
  A smoke demon (Zig:26)
  An ancient zyme (Zig:26)
  2 silent spectres
  A raiju (Zig:26)
  5 large abominations
  3 neqoxecs
  9 starcursed masses (Zig:26)
  2 fire vortices (Zig:27)
47 creatures vanquished.

Vanquished Creatures (others)
  The ghost of Totuz the Messenger, a legendary HOFi of Beogh (Zig:27)
  The ghost of Hillam the Grand Master, a legendary DsTm of Cheibriados (Zig:27)
  A pandemonium lord (Zig:7)
  A golden dragon (Zig:21)
  An eldritch tentacle (Pan)
  2 shadow dragons
  A balrug (Geh:4)
  2 eidola (Zig:27)
  A blizzard demon (D:13)
  A green death (Pan)
  A ghost crab (Zig:27)
  A soul eater (Zig:27)
  A death drake (Zig:21)
  A wizard (Pan)
  A manticore (D:15)
  2 hellwings (Pan)
  A wyvern (D:10)
  A harpy simulacrum (Coc:3)
  An ice beast (D:11)
  2 ball lightnings (Pan)
  A demonic plant (Gauntlet)
  4 fire vortices (Zig:27)
  18 foxfires
  355 fulminant prisms
  80 fungi
  131 plants
  17 starspawn tentacles
  3 tentacles (Hell)
  8 withered plants
641 creatures vanquished.

Grand Total: 6547 creatures vanquished

Notes
Turn   | Place    | Note
-------+----------+-------------------------------------------
     0 | D:1      | holysushi the Octopode Conjurer began the quest for the
                  | Orb.
     0 | D:1      | Reached XP level 1. HP: 11/11 MP: 3/3
   473 | D:1      | Found Negiwih's Jewellery Boutique.
   963 | D:1      | Reached XP level 2. HP: 17/17 MP: 0/5
  1016 | D:1      | Learned a level 2 spell: Searing Ray
  2130 | D:2      | Reached XP level 3. HP: 20/21 MP: 5/7
  2134 | D:2      | Learned a level 3 spell: Dazzling Flash
  2195 | D:2      | Found a runed translucent door.
  2196 | D:2      | Noticed Crazy Yiuf
  2366 | D:2      | Noticed Jessica
  2371 | D:2      | Killed Jessica
  2439 | D:2      | Reached XP level 4. HP: 27/27 MP: 6/9
  3017 | D:2      | Learned a level 4 spell: Fulminant Prism
  3240 | D:3      | Found a faded altar of an unknown god.
  3700 | D:3      | Reached XP level 5. HP: 31/31 MP: 7/11
  3757 | D:3      | Reached skill level 5 in Conjurations
  4214 | D:4      | Reached XP level 6. HP: 33/36 MP: 4/12
  4689 | D:4      | Noticed Pikel
  4817 | D:4      | Noticed an ice beast
  4822 | D:4      | Killed an ice beast
  4823 | D:4      | Reached skill level 1 in Fighting
  5191 | D:5      | Entered Level 5 of the Dungeon
  5452 | D:3      | Killed Pikel
  5453 | D:3      | Reached XP level 7. HP: 31/45 MP: 0/14
  5453 | D:3      | Reached XP level 8. HP: 35/50 MP: 0/15
  6437 | D:5      | Noticed Edmund
  6465 | D:5      | Reached skill level 1 in Evocations
  6575 | D:5      | Killed Edmund
  6576 | D:5      | Reached skill level 1 in Hexes
  6769 | D:5      | Noticed Ijyb
  6776 | D:5      | Killed Ijyb
  7675 | D:6      | Reached skill level 5 in Spellcasting
  7933 | D:6      | Learned a level 3 spell: Stone Arrow
  8068 | D:6      | Reached skill level 5 in Dodging
  8682 | D:6      | Reached XP level 9. HP: 54/54 MP: 5/17
  9289 | D:7      | Found a staircase to the Ecumenical Temple.
  9302 | Temple   | Entered the Ecumenical Temple
  9359 | Temple   | Became a worshipper of Gozag Ym Sagoz the Greedy
  9381 | D:7      | Identified the +1 robe "Paizxiwi" {rElec rF- Stlth+}
  9588 | D:7      | Found an ancient bone altar of Kikubaaqudgha.
  9599 | D:7      | Found a glowing silver altar of Zin.
  9994 | D:7      | Noticed Prince Ribbit
 10121 | D:7      | Killed Prince Ribbit
 10297 | D:7      | Reached skill level 5 in Stealth
 11845 | D:8      | Reached XP level 10. HP: 37/60 MP: 13/20
 12029 | D:8      | Noticed Maurice
 12193 | D:8      | Killed Maurice
 12194 | D:8      | Reached skill level 10 in Conjurations
 12751 | D:1      | Bought a +5 ring of evasion for 468 gold pieces
 14464 | D:9      | Found a staircase to the Orcish Mines.
 15753 | D:9      | Found a staircase to the Orcish Mines.
 16205 | Orc:1    | Entered Level 1 of the Orcish Mines
 16827 | Orc:1    | Noticed an orc high priest
 16831 | Orc:1    | Noticed an orange demon
 16835 | Orc:1    | Killed an orc high priest
 16836 | Orc:1    | Reached XP level 11. HP: 45/67 MP: 1/23
 17538 | Orc:2    | Entered Level 2 of the Orcish Mines
 17562 | Orc:2    | Found an iron altar of Okawaru.
 17563 | Orc:2    | Found Tokling's Book Boutique.
 17886 | Orc:2    | Found Xafazuas's Antique Armour Shoppe.
 17897 | Orc:2    | Bought a transparent buckler for 266 gold pieces
 17897 | Orc:2    | Identified the +5 buckler "Ezxutor" {rElec rC+++ Dex-3}
                  | (You bought it in a shop on level 2 of the Orcish Mines)
 18112 | Orc:2    | Noticed an orc sorcerer
 18123 | Orc:2    | Killed an orc sorcerer
 18124 | Orc:2    | Reached skill level 1 in Shields
 18468 | Orc:2    | Noticed an orc high priest
 18475 | Orc:2    | Killed an orc high priest
 18864 | Orc:2    | Noticed an orc knight
 19037 | Orc:2    | Found the +15 Maxwell's patent armour {-Cast -Tele rElec
                  | Will+ rCorr}
 19271 | Orc:2    | Noticed a cyclops
 19277 | Orc:2    | Killed a cyclops
 19290 | Orc:2    | Noticed a cyclops
 19728 | Orc:2    | Noticed an orc sorcerer
 19801 | Orc:1    | Killed an orc knight
 19802 | Orc:1    | Reached skill level 5 in Shields
 19924 | Orc:2    | Killed an orc sorcerer
 20205 | Orc:2    | Noticed an orc sorcerer
 20209 | Orc:2    | Noticed a sun demon
 20218 | Orc:2    | Killed an orc sorcerer
 20358 | Orc:2    | Killed a cyclops
 20475 | Orc:2    | Noticed drewk1942's ghost (journeyman GnWn)
 20573 | Orc:2    | Found a transporter.
 20649 | Orc:2    | Noticed an orc sorcerer
 20657 | Orc:2    | Noticed a soul eater
 20659 | Orc:2    | Killed an orc sorcerer
 20682 | Orc:2    | Found a transporter.
 20897 | Orc:2    | Found Wufforr's Assorted Antiques.
 20907 | Orc:2    | Identified a scroll of acquirement
 20908 | Orc:2    | Acquired a staff of conjuration
 20920 | Orc:2    | Found a staircase to the Elven Halls.
 21037 | Orc:2    | Reached XP level 12. HP: 72/72 MP: 14/24
 21178 | Orc:2    | Found Mijuipokk's Weapon Boutique.
 21179 | Orc:2    | Found Goer's Magic Scroll Shop.
 21180 | Orc:2    | Found Hoynassi's Distillery.
 21184 | Orc:2    | Found Ypiuxzar's General Store.
 21795 | Orc:1    | Learned a level 4 spell: Iskenderun's Mystic Blast
 21858 | D:10     | Entered Level 10 of the Dungeon
 21887 | D:10     | Found a transporter.
 21899 | D:10     | Noticed lotum's ghost (journeyman NaHW)
 21913 | D:10     | Found a radiant altar of Vehumet.
 22335 | D:10     | Found a bloodstained altar of Trog.
 22535 | D:10     | Found a transporter.
 22588 | D:11     | Noticed Snorg
 22595 | D:11     | Killed Snorg
 22598 | D:11     | Noticed a two-headed ogre
 22775 | D:11     | Noticed a two-headed ogre
 22777 | D:11     | Noticed a tengu warrior
 22782 | D:11     | Noticed a boulder beetle
 22832 | D:11     | Found a gate leading to a gauntlet.
 22841 | Gauntlet | Entered a Gauntlet
 22841 | Gauntlet | Found a transporter.
 22967 | Gauntlet | Found a transporter.
 22969 | Gauntlet | Found a transporter.
 22972 | Gauntlet | Noticed a death scarab
 22982 | Gauntlet | Found a transporter.
 22983 | Gauntlet | Found a transporter.
 22990 | Gauntlet | Found a transporter.
 23012 | Gauntlet | Found a transporter.
 23024 | Gauntlet | Found a transporter.
 23035 | Gauntlet | Found a transporter.
 23037 | Gauntlet | Noticed a hell beast
 23054 | Gauntlet | Found a transporter.
 23068 | Gauntlet | Found a transporter.
 23068 | Gauntlet | Found a transporter.
 23076 | Gauntlet | Noticed a spark wasp
 23115 | Gauntlet | Found a transporter.
 23132 | Gauntlet | Found a transporter.
 23575 | Gauntlet | Identified the ring "Cila" {Fly rElec rN+ Stlth+}
 23815 | Gauntlet | Noticed a minotaur
 24019 | D:11     | Killed a two-headed ogre
 24191 | D:11     | Found a staircase to the Lair.
 24197 | Lair:1   | Entered Level 1 of the Lair of Beasts
 24564 | Lair:1   | Reached skill level 15 in Conjurations
 24908 | Lair:1   | Noticed a catoblepas
 24924 | Lair:1   | Killed a catoblepas
 25041 | Lair:1   | Reached XP level 13. HP: 77/77 MP: 13/25
 25624 | Lair:1   | Found a burning altar of Makhleb.
 26348 | Lair:1   | Reached skill level 10 in Dodging
 26419 | Lair:2   | Noticed Erica
 26427 | Lair:1   | Killed Erica
 26794 | Lair:2   | Reached skill level 10 in Stealth
 26978 | Lair:2   | Noticed Gastronok
 28964 | Lair:2   | Killed Gastronok
 29169 | Lair:3   | Reached skill level 5 in Fighting
 29435 | Lair:3   | Found a hole to the Spider Nest.
 30003 | Lair:3   | Reached skill level 10 in Spellcasting
 30439 | Lair:3   | Learned a level 6 spell: Iron Shot
 30766 | Lair:3   | Reached XP level 14. HP: 88/88 MP: 17/28
 30919 | Lair:3   | Found a staircase to the Swamp.
 30953 | Lair:3   | Reached skill level 5 in Earth Magic
 33380 | Lair:5   | Entered Level 5 of the Lair of Beasts
 33970 | Lair:5   | Found a staircase to the Slime Pits.
 34392 | Lair:5   | Reached skill level 5 in Evocations
 36299 | Lair:5   | Reached XP level 15. HP: 92/92 MP: 19/30
 38764 | Lair:5   | Found a large runed translucent door.
 38764 | Lair:5   | Found a large runed translucent door.
 39635 | Lair:5   | Bought a scroll of enchant armour for 105 gold pieces
 40406 | D:11     | Reached skill level 10 in Earth Magic
 41203 | D:11     | Found Gacuec's Weapon Shoppe.
 43069 | D:10     | Killed lotum's ghost
 43189 | D:10     | Identified the +1 hat of Qofub {Rampage rPois}
 43384 | Orc:2    | Gained mutation: You are frail. (-10% HP) [a neqoxec]
 43391 | Orc:2    | Gained mutation: You are weak. (Str -2) [a neqoxec]
 43929 | Orc:2    | Killed drewk1942's ghost
 43938 | Orc:2    | Identified the ring of Ibbagurgh {rN+ Int+6 Dex+3 Slay-4}
 43940 | Orc:2    | Identified the +1 hat "Laoblen" {Contam rPois Dex-3 Slay+4}
 44114 | Orc:2    | Found Xafazuas's Antique Armour Shoppe.
 44158 | Orc:2    | Found Mijuipokk's Weapon Boutique.
 44158 | Orc:2    | Found Goer's Magic Scroll Shop.
 44159 | Orc:2    | Found Hoynassi's Distillery.
 44162 | Orc:2    | Found Ypiuxzar's General Store.
 44207 | Orc:2    | Found Wufforr's Assorted Antiques.
 44225 | Orc:2    | Found a staircase to the Elven Halls.
 44412 | Orc:2    | Found Tokling's Book Boutique.
 44440 | Orc:2    | Found a transporter.
 44452 | Orc:2    | Found a transporter.
 44945 | Swamp:1  | Entered Level 1 of the Swamp
 44947 | Swamp:1  | Noticed a thorn hunter
 45060 | Swamp:1  | Killed a thorn hunter
 45474 | Swamp:1  | Reached XP level 16. HP: 88/88 MP: 25/32
 45474 | Swamp:1  | Upgraded the game from 0.30-a0-739-gea05faddec to
                  | 0.30-a0-743-gbfdf073431
 45966 | Swamp:1  | Identified the +1 dagger "Worm's Wrath" {drain, rCorr}
 48375 | Swamp:2  | Found a shimmering altar of Xom.
 48681 | Swamp:2  | Noticed a fenstrider witch
 48684 | Swamp:2  | Killed a fenstrider witch
 50162 | Swamp:3  | Reached skill level 15 in Spellcasting
 50475 | Swamp:4  | Entered Level 4 of the Swamp
 51486 | Swamp:4  | Reached XP level 17. HP: 92/92 MP: 22/36
 53315 | Swamp:4  | Got a decaying rune of Zot
 53610 | Spider:1 | Entered Level 1 of the Spider Nest
 54359 | Spider:1 | Reached XP level 18. HP: 100/100 MP: 38/38
 55797 | D:11     | Bought the +3 crown of Dyrovepreva {rElec Int+2 SInv} for
                  | 828 gold pieces
 55797 | D:11     | Found the +3 crown of Dyrovepreva {rElec Int+2 SInv}
 58067 | Spider:3 | Noticed Jorgrun
 58071 | Spider:3 | Killed Jorgrun
 59218 | Spider:3 | Reached skill level 15 in Dodging
 59425 | Spider:4 | Entered Level 4 of the Spider Nest
 61199 | Spider:4 | Reached XP level 19. HP: 108/108 MP: 26/39
 63523 | Spider:4 | Got a gossamer rune of Zot
 63894 | D:10     | Bought the amulet of Descent {Reflect *Corrode rC+++ Will++
                  | Dex+4 SH+5} for 1420 gold pieces
 64000 | Orc:2    | Bought a scroll of teleportation for 45 gold pieces
 64000 | Orc:2    | Bought a potion of magic for 120 gold pieces
 64003 | Orc:2    | Bought a potion of haste for 140 gold pieces
 64011 | Orc:2    | Bought a scroll of teleportation for 42 gold pieces
 64051 | Elf:1    | Entered Level 1 of the Elven Halls
 64636 | Elf:1    | Noticed Donald
 64848 | Elf:1    | Acquired the +3 Elemental Staff {rElec rF++ rC++ AC+5}
 64848 | Elf:1    | Found the +3 Elemental Staff {rElec rF++ rC++ AC+5}
 65219 | Elf:1    | Got the Monograph on Lamentation
 65338 | Elf:1    | Killed Donald
 65402 | Elf:1    | Learned a level 9 spell: Shatter
 65773 | Elf:1    | Got the Volume of Assaults and Beckoning
 65815 | Elf:2    | Paralysed by an air elemental for 1 turns
 66559 | Elf:2    | Reached skill level 15 in Earth Magic
 67049 | Elf:2    | Noticed an Ice Fiend
 67388 | Elf:2    | Found a runed translucent gate.
 67389 | Elf:2    | Found a runed translucent gate.
 67389 | Elf:2    | Found a runed translucent gate.
 67595 | Elf:3    | Entered Level 3 of the Elven Halls
 68995 | Elf:3    | Reached XP level 20. HP: 113/113 MP: 33/40
 69950 | Elf:3    | Identified the ring of Xom's Fair Game {rF+ rN+ Str+3
                  | Int+3}
 70236 | Elf:3    | Identified the +7 mace "Newtslayer" {holy, Fly}
 70236 | Elf:3    | Identified the +5 robe of Indemnity {Rampage rC+ Will-
                  | Str+4}
 70236 | Elf:3    | Identified the ring of Sesten {rPois rF+ rC+}
 70640 | Elf:3    | Identified the +4 tower shield of the Garden {rElec rCorr
                  | Dex+3}
 70655 | Elf:3    | Identified the ring "Nishriba" {rF- rCorr MP+9 Int+7}
 70912 | Elf:3    | Identified the +4 scale mail "Ryreb" {Dex+5}
 71634 | Elf:3    | Found the +2 hat of the Bear Spirit {Spirit, Bear, *Rage
                  | Will++}
 71643 | Elf:3    | Got the Incunable of Terra Firma and the Brume
 71689 | Elf:3    | Identified the +4 ring mail "Caehi Odu" {Will+}
 72575 | D:12     | You fall into a shaft and drop 1 floor!
 72980 | D:13     | Found a gate to the Vaults.
 73537 | D:13     | Found the +8 frozen axe "Frostbite" {freeze, freezing
                  | cloud, *Noise Fly rC+}
 74087 | D:14     | Found a frozen archway.
 74091 | IceCv    | Entered an ice cave
 75315 | IceCv    | Noticed a shard shrike
 75356 | IceCv    | Killed a shard shrike
 75949 | D:14     | Noticed Louise
 76101 | D:14     | Killed Louise
 76154 | D:14     | Noticed Agnes
 76155 | D:14     | Killed Agnes
 76533 | D:14     | Found Inirhiami's Weapon Shop.
 77198 | D:15     | Entered Level 15 of the Dungeon
 77495 | D:15     | Reached XP level 21. HP: 118/118 MP: 23/41
 78278 | D:15     | Found a staircase to the Depths.
 79001 | D:15     | Bought a scroll of teleportation for 57 gold pieces
 79082 | Vaults:1 | Entered Level 1 of the Vaults
 80178 | Vaults:1 | Identified the +6 hand axe of the Four Teeth {speed, rElec
                  | Str+3 Int+2 Stlth-}
 83076 | Vaults:2 | Reached XP level 22. HP: 123/123 MP: 21/42
 85315 | Vaults:3 | Found a staircase to the Crypt.
 86051 | Vaults:3 | Identified the +0 sling "Ijumug" {flame, rC+ Will+ Str+4
                  | Int-4}
 86459 | Vaults:3 | Reached skill level 10 in Fighting
 87953 | Vaults:4 | Noticed Zenata
 87955 | Vaults:4 | Killed Zenata
 87957 | Vaults:4 | Noticed Xtahua
 88200 | Vaults:4 | Killed Xtahua
 88883 | Vaults:4 | Reached XP level 23. HP: 137/137 MP: 18/43
 90002 | Vaults:4 | Got the Textbook on Pestilence
 90341 | Vaults:4 | Got Seshuege's Volume of Cold
 90500 | Vaults:4 | Got Sif Muna's Lessons on the Summer
 90977 | Vaults:5 | Entered Level 5 of the Vaults
 90977 | Vaults:5 | Noticed a dread lich
 90978 | Vaults:5 | Killed a dread lich
 91115 | Vaults:5 | Noticed a dread lich
 91116 | Vaults:5 | Noticed an ancient lich
 91117 | Vaults:5 | Killed a dread lich
 91118 | Vaults:5 | Killed an ancient lich
 91119 | Vaults:5 | Noticed a dread lich
 91121 | Vaults:5 | Killed a dread lich
 91268 | Vaults:5 | Noticed a dread lich
 91268 | Vaults:5 | Noticed an ancient lich
 91269 | Vaults:5 | Killed an ancient lich
 91269 | Vaults:5 | Killed a dread lich
 91270 | Vaults:5 | Reached XP level 24. HP: 109/149 MP: 24/45
 91587 | Vaults:5 | Noticed an ancient lich
 91589 | Vaults:5 | Killed an ancient lich
 91737 | Vaults:5 | Noticed a dread lich
 91885 | Vaults:5 | Noticed a dread lich
 91886 | Vaults:5 | Killed a dread lich
 91887 | Vaults:5 | Killed a dread lich
 91889 | Vaults:5 | Noticed an ancient lich
 91891 | Vaults:5 | Killed an ancient lich
 92238 | Vaults:5 | Noticed an ancient lich
 92393 | Vaults:5 | Killed an ancient lich
 92648 | Vaults:5 | Identified the +8 triple sword of Purpose {flame, Will+
                  | Str-5 Stlth+}
 92648 | Vaults:5 | Identified the ring "Bosuc" {rElec rC+ rN+ Int-5}
 92930 | Vaults:5 | Identified the +8 sling of Revolt {drain, Str+2}
 93371 | Vaults:5 | Got the Vademecum on the Enchanting Switch
 93377 | Vaults:5 | Identified the +8 mace "Embalmer" {flame, Int+5 Stlth-}
 93378 | Vaults:5 | Identified the +3 sling "Fiorph" {speed, Dex+4}
 93468 | Vaults:5 | Got a silver rune of Zot
 93939 | Vaults:5 | Lost mutation: You are frail. (-10% HP) [potion of
                  | mutation]
 93939 | Vaults:5 | Lost mutation: You are weak. (Str -2) [potion of mutation]
 93939 | Vaults:5 | Gained mutation: You are strong-willed. (Will+) [potion of
                  | mutation]
 93939 | Vaults:5 | Gained mutation: You are partially covered in iridescent
                  | scales. (AC +2) [potion of mutation]
 93939 | Vaults:5 | Gained mutation: Your mind is acute. (Int +4, Str/Dex -1)
                  | [potion of mutation]
 94134 | Depths:1 | Entered Level 1 of the Depths
 94459 | Depths:1 | Noticed Asterion
 94465 | Depths:1 | Killed Asterion
 94766 | Depths:1 | Identified the +0 dagger "Nygathuh" {freeze, rN+ Int+3}
 94857 | Depths:1 | Noticed Saint Roka
 94861 | Depths:1 | Killed Saint Roka
 94861 | Depths:1 | Noticed Aizul
 94870 | Depths:1 | Killed Aizul
 94871 | Depths:1 | Reached skill level 15 in Fighting
 95094 | Depths:1 | Reached XP level 25. HP: 174/174 MP: 38/46
 95202 | Depths:1 | Found a glowing silver altar of Zin.
 95203 | Depths:1 | Found a white marble altar of Elyvilon.
 95204 | Depths:1 | Found a glowing golden altar of the Shining One.
 95270 | Depths:1 | Found a one-way gate to the infinite horrors of the Abyss.
 95434 | Depths:1 | Found a gateway to Hell.
 95580 | Depths:1 | Noticed Mara
 95582 | Depths:1 | Killed Mara
 95643 | Depths:1 | Found a glowing golden altar of the Shining One.
 95923 | Depths:2 | Found a one-way gate leading to the halls of Pandemonium.
 96626 | Depths:2 | Found Ritiuxau's Armour Shop.
 96851 | Depths:2 | Identified the +3 glaive of Fee Simple {heavy, rF+ SInv}
 97607 | Depths:2 | Found a radiant altar of Vehumet.
 97607 | Depths:2 | Found a white marble altar of Elyvilon.
 97609 | Depths:2 | Found a bloodstained altar of Trog.
 97609 | Depths:2 | Found a blossoming altar of Fedhas.
 98226 | Depths:2 | Identified the +5 dire flail of Fate {venom, Dex+2}
 98994 | Depths:3 | Noticed Jory
 98997 | Depths:3 | Killed Jory
 99519 | Depths:3 | Found a one-way gateway to a ziggurat.
100573 | Depths:3 | Identified the amulet "Cuteplic" {RegenMP Str-2 Dex+8
                  | Slay-2 Stlth+}
100918 | Depths:4 | Entered Level 4 of the Depths
101225 | Depths:4 | Noticed Mennas
101238 | Depths:4 | Killed Mennas
101603 | Depths:4 | Noticed Vv
102282 | Depths:4 | Killed Vv
102398 | Depths:4 | Noticed a juggernaut
102401 | Depths:4 | Killed a juggernaut
102496 | Depths:4 | Found a transporter.
102684 | Depths:4 | Found a gate to the Realm of Zot.
102784 | Depths:4 | Reached XP level 26. HP: 180/180 MP: 40/47
103504 | Zig:1    | Entered Level 1 of a ziggurat
103599 | Zig:2    | Entered Level 2 of a ziggurat
103660 | Zig:3    | Entered Level 3 of a ziggurat
103726 | Zig:4    | Entered Level 4 of a ziggurat
103793 | Zig:5    | Entered Level 5 of a ziggurat
103798 | Zig:5    | Noticed a shard shrike
103805 | Zig:5    | Killed a shard shrike
103940 | Zig:5    | Got the Spellbook of the Amalgamated Quake
103960 | Zig:5    | Learned a level 9 spell: Chain Lightning
103961 | Zig:6    | Entered Level 6 of a ziggurat
104086 | Zig:6    | Identified the +4 ice dragon scales of Beogh's Generosity
                  | {rElec rF- rC++ rCorr Int-3 Dex+3}
104088 | Zig:6    | Identified the +0 arbalest of Valiance {antimagic, rElec
                  | rF+ rC+ Str+3}
104097 | Zig:6    | Identified the +6 falchion of Beogh, Summoning {flame,
                  | Will+ rCorr}
104105 | Zig:7    | Entered Level 7 of a ziggurat
104114 | Zig:7    | Reached skill level 10 in Evocations
104192 | Zig:7    | Reached skill level 10 in Shields
104192 | Zig:7    | Reached XP level 27. HP: 186/186 MP: 47/47
104202 | Zig:8    | Entered Level 8 of a ziggurat
104295 | Zig:9    | Entered Level 9 of a ziggurat
104301 | Zig:9    | Noticed a juggernaut
104301 | Zig:9    | Noticed a juggernaut
104301 | Zig:9    | Noticed a juggernaut
104304 | Zig:9    | Killed a juggernaut
104304 | Zig:9    | Killed a juggernaut
104307 | Zig:9    | Killed a juggernaut
104430 | Zig:10   | Entered Level 10 of a ziggurat
104532 | Zig:10   | Identified the +2 quarterstaff "Oqiptad" {flame, rElec}
104552 | Zig:10   | Got the Codex of Disjunct Summoning
104579 | Zig:11   | Entered Level 11 of a ziggurat
104590 | Zig:11   | Noticed Feoqumef the pandemonium lord
104609 | Zig:11   | Killed Feoqumef the pandemonium lord
104864 | Zig:11   | Identified the amulet of Uhalom {Spirit rC+}
104865 | Zig:11   | Identified the +1 robe of Dogmatism {rElec rC+}
104875 | Zig:11   | Identified the amulet of Nyvent {rElec rC+ Will+ Regen+}
104878 | Zig:11   | Identified the +8 spear of Defence {vamp, *Noise Str+3
                  | Stlth+}
104898 | Zig:12   | Entered Level 12 of a ziggurat
104992 | Zig:12   | Got the Papyrus of Space
105005 | Zig:12   | Identified the +1 broad axe "Hodoggit" {speed, MP+9}
105019 | Zig:12   | Identified the ring of the Good {Drain rPois rF+ Int+6
                  | Dex+3}
105161 | Zig:13   | Entered Level 13 of a ziggurat
105174 | Zig:13   | Noticed pigah's ghost (legendary OpWn)
105174 | Zig:13   | Noticed MrSquiggles's ghost (legendary MiMo)
105174 | Zig:13   | Found the +8 Wrath of Trog {antimagic, *Rage Rampage}
105175 | Zig:13   | Noticed Lemondrips's ghost (legendary DgEE)
105175 | Zig:13   | Noticed scionoferis's ghost (legendary DgCj)
105187 | Zig:13   | Killed pigah's ghost
105191 | Zig:13   | Noticed holysushi's ghost (legendary OpCj)
105201 | Zig:13   | Killed scionoferis's ghost
105204 | Zig:13   | Killed holysushi's ghost
105208 | Zig:13   | Killed Lemondrips's ghost
105213 | Zig:13   | Killed MrSquiggles's ghost
105531 | Zig:13   | Identified the +1 scale mail of Atheism {MP+9}
105580 | Zig:14   | Entered Level 14 of a ziggurat
105719 | Zig:14   | Identified the +3 short sword of Subjectivity {flame, rElec
                  | Int-4 Dex+4 Stlth+}
105727 | Zig:14   | Identified the +7 plate armour "Dal Kotriti" {*Corrode
                  | rPois MP+9 Int+4}
105755 | Zig:15   | Entered Level 15 of a ziggurat
105775 | Zig:15   | Reached skill level 10 in Air Magic
106028 | Zig:15   | Identified the +1 short sword of Iduu {freeze, rPois rCorr
                  | Stlth+}
106083 | Zig:15   | Identified the +8 long sword "Yddoodash" {drain, *Rage
                  | Dex+6}
106093 | Zig:15   | Identified the +7 quarterstaff of Plog {vamp, +Blink Fly
                  | Int-2 Dex+2}
106102 | Zig:15   | Identified the +8 falchion of Satwidgh {freeze, Drain rN+
                  | Int+8}
106155 | Zig:16   | Entered Level 16 of a ziggurat
106300 | Zig:16   | Identified the ring of Tulips {Will+ Dex+3 SInv}
106302 | Zig:16   | Identified the +1 ring mail of Qazlal's Displeasure {Int+6
                  | Stlth+}
106305 | Zig:16   | Identified the +8 broad axe "Spiderbane" {flame, rF+ Will+
                  | Dex+2 Stlth+}
106348 | Zig:17   | Entered Level 17 of a ziggurat
106363 | Zig:17   | Noticed a dread lich
106368 | Zig:17   | Killed a dread lich
106542 | Zig:17   | Identified the +8 glaive "Nuera" {freeze, rF++}
106628 | Zig:18   | Entered Level 18 of a ziggurat
106639 | Zig:18   | Noticed a dread lich
106643 | Zig:18   | Noticed an ancient lich
106644 | Zig:18   | Noticed a dread lich
106645 | Zig:18   | Killed a dread lich
106646 | Zig:18   | Killed an ancient lich
106647 | Zig:18   | Killed a dread lich
106648 | Zig:18   | Reached skill level 15 in Air Magic
106738 | Zig:18   | Identified the +1 war axe of the Rescuing Seeker {heavy,
                  | rN+ Int-5 SInv}
106801 | Zig:18   | Identified the +1 sling "Utomid" {drain, rC+}
106810 | Zig:18   | Identified the +8 sling "Jeskuem" {drain, Drain rElec Int+7
                  | Dex-5}
106855 | Zig:18   | Identified the +3 plate armour "Lyaniri" {Drain rN+ Str-2
                  | Dex+8}
106862 | Zig:19   | Entered Level 19 of a ziggurat
106876 | Zig:19   | Noticed a royal mummy
106876 | Zig:19   | Noticed a royal mummy
106881 | Zig:19   | Killed a royal mummy
106882 | Zig:19   | Killed a royal mummy
106882 | Zig:19   | Noticed a royal mummy
106884 | Zig:19   | Killed a royal mummy
106884 | Zig:19   | Noticed a royal mummy
106886 | Zig:19   | Noticed a royal mummy
106892 | Zig:19   | Killed a royal mummy
106896 | Zig:19   | Noticed a royal mummy
106897 | Zig:19   | Killed a royal mummy
106898 | Zig:19   | Noticed a royal mummy
106899 | Zig:19   | Noticed a royal mummy
106900 | Zig:19   | Killed a royal mummy
106900 | Zig:19   | Killed a royal mummy
106901 | Zig:19   | Noticed a royal mummy
106903 | Zig:19   | Killed a royal mummy
106905 | Zig:19   | Killed a royal mummy
107118 | Zig:19   | Identified the +1 scimitar "Iwiommue" {vamp, rElec}
107119 | Zig:19   | Identified the amulet "Ewnoel" {Spirit Harm Str+3}
107126 | Zig:19   | Identified the ring "Puxtauq" {Ice rElec Int+2 Slay+3 SInv}
107128 | Zig:19   | Identified the +4 trident of Xupne {freeze, rC- rCorr
                  | Dex+3}
107129 | Zig:19   | Identified the ring "Waypp" {rF+ rC+++ MP+9 Str+3 Int-2}
107272 | Zig:20   | Entered Level 20 of a ziggurat
107404 | Zig:20   | Identified the ring of Efawkoamn {rElec rF+ Str-3 Int+6}
107523 | Zig:20   | Identified the +1 leather armour of Uhes {rPois}
107533 | Zig:20   | Identified the ring of Hashek {Fire Slay+3}
107538 | Zig:20   | Identified the ring of Totio {rC+++ rN+ Str-5 Dex+3 Stlth-}
107548 | Zig:20   | Identified the +4 glaive of the Conjuring Gods {speed, Fly
                  | Dex+3}
107601 | Zig:20   | Identified the +4 robe of Cheibriados, Leaping {rPois Will-
                  | Int+3}
107604 | Zig:21   | Entered Level 21 of a ziggurat
107646 | Zig:21   | Found the +0 mask of the Dragon {Will+ Slay+3 SInv}
107720 | Zig:21   | Identified the ring of Vodka {rN+ Str+2 Int+2}
107724 | Zig:21   | Identified the +6 mace of Starshine {holy, rF+ rC++ Int-5
                  | Dex+3}
107735 | Zig:21   | Identified the +8 flail of Vosyemo {heavy, rCorr}
107740 | Zig:21   | Identified the ring "Ymekh" {Fire rN+}
107879 | Zig:22   | Entered Level 22 of a ziggurat
107931 | Zig:22   | Found the +5 glaive of the Guard {elec, spectral, AC+5}
108128 | Zig:22   | Identified the +6 sling of Uniafa {flame, rF- rN++ Will++}
108141 | Zig:22   | Identified the +9 flail of Reapportionment {heavy, Will+
                  | Int+3}
108179 | Zig:23   | Entered Level 23 of a ziggurat
108204 | Zig:23   | Reached skill level 5 in Staves
108417 | Zig:23   | Identified the amulet "Comn" {Reflect rC+ SH+5}
108436 | Zig:23   | Acquired 1019 gold pieces
108445 | Zig:23   | Identified the +1 hat "Piagg" {Stlth+}
108504 | Zig:24   | Entered Level 24 of a ziggurat
108532 | Zig:24   | Reached skill level 10 in Staves
108545 | Zig:24   | Reached skill level 15 in Shields
108838 | Zig:24   | Identified the +5 mace of the Ancient Loafs {spect, Fly
                  | rF++ rCorr Dex-2}
108852 | Zig:24   | Identified the amulet "Raim" {Faith rPois Will+ Str-5}
108861 | Zig:24   | Identified the +5 glaive of Plog {chaos, rC- rCorr Dex+3}
108862 | Zig:24   | Identified the +12 shortbow of Dizoca {drain, rF+ rCorr
                  | Str+3 Dex+2}
108940 | Zig:25   | Entered Level 25 of a ziggurat
108956 | Zig:25   | Noticed Nirockokh the pandemonium lord
108957 | Zig:25   | Noticed Gooquth the pandemonium lord
108961 | Zig:25   | Killed Gooquth the pandemonium lord
108961 | Zig:25   | Noticed Fafonnid the pandemonium lord
108964 | Zig:25   | Noticed Joej the pandemonium lord
108966 | Zig:25   | Noticed Gearo the pandemonium lord
108966 | Zig:25   | Noticed Inodiqy the pandemonium lord
108966 | Zig:25   | Noticed Xirph the pandemonium lord
108970 | Zig:25   | Killed Fafonnid the pandemonium lord
109001 | Zig:25   | Killed Gearo the pandemonium lord
109044 | Zig:25   | Noticed Naizxifang the pandemonium lord
109044 | Zig:25   | Noticed Duushov the pandemonium lord
109048 | Zig:25   | Killed Duushov the pandemonium lord
109049 | Zig:25   | Killed Naizxifang the pandemonium lord
109049 | Zig:25   | Killed Nirockokh the pandemonium lord
109050 | Zig:25   | Noticed Xymew the pandemonium lord
109051 | Zig:25   | Killed Xirph the pandemonium lord
109051 | Zig:25   | Noticed Compiy the pandemonium lord
109052 | Zig:25   | Noticed Oholaph the pandemonium lord
109053 | Zig:25   | Killed Inodiqy the pandemonium lord
109053 | Zig:25   | Noticed Byll the pandemonium lord
109058 | Zig:25   | Noticed Geat the pandemonium lord
109060 | Zig:25   | Killed Oholaph the pandemonium lord
109061 | Zig:25   | Killed Byll the pandemonium lord
109061 | Zig:25   | Killed Xymew the pandemonium lord
109062 | Zig:25   | Killed Joej the pandemonium lord
109062 | Zig:25   | Killed Geat the pandemonium lord
109062 | Zig:25   | Noticed Fuac the pandemonium lord
109063 | Zig:25   | Killed Compiy the pandemonium lord
109066 | Zig:25   | Noticed Rual the pandemonium lord
109070 | Zig:25   | Killed Fuac the pandemonium lord
109073 | Zig:25   | Killed Rual the pandemonium lord
109522 | Zig:25   | Identified the +3 great mace "Idaco" {freeze, Fragile rF+++
                  | Will- Str+4}
109531 | Zig:25   | Identified the +1 quarterstaff of Moderation {flame, Drain
                  | Fly rElec Int+6}
109532 | Zig:25   | Identified the +3 flail "Impbane" {spect, rC+ Dex+2}
109538 | Zig:25   | Identified the +9 demon blade "Baihice" {drain, rPois
                  | Will+++ Str+3 Dex-4}
109543 | Zig:25   | Identified the +3 pair of boots of Responsibility {Will+}
109555 | Zig:25   | Identified the ring of Amorality {Drain Fly rN+ MP+9 Dex+2}
109557 | Zig:25   | Identified the +4 longbow "Hyekeykh" {elec, rElec rC+
                  | Stlth+}
109558 | Zig:25   | Identified the +2 plate armour of Omission {Will+ SInv}
109603 | Zig:26   | Entered Level 26 of a ziggurat
109810 | Zig:26   | Identified the ring "Weehau" {rElec AC+4 Dex+2}
109811 | Zig:26   | Identified the +5 trident of Xypeshra {drain, MP+9}
109836 | Zig:26   | Identified the ring "Lagem" {rPois Int+6}
109846 | Zig:26   | Got Osodakysh's Compendium of the Retinue and
                  | Transmigration
110102 | Zig:26   | Learned a level 9 spell: Polar Vortex
110105 | Zig:27   | Entered Level 27 of a ziggurat
110584 | Zig:27   | Identified the +6 mace of Korheqops {flame, rN+ Dex+5}
110612 | Zig:27   | Identified the ring "Leuppidgh" {Fly rN+}
110914 | Hell     | Entered the Vestibule of Hell
110914 | Hell     | Noticed Geryon
110919 | Hell     | Killed Geryon
111417 | Hell     | Found a gateway to the ashen valley of Gehenna.
111559 | Hell     | Found a gateway to the decaying netherworld of Tartarus.
111652 | Hell     | Found a gateway to the Iron City of Dis.
111824 | Hell     | Found a gateway to the freezing wastes of Cocytus.
112337 | Slime:1  | Entered Level 1 of the Pits of Slime
112526 | Slime:1  | Gained mutation: You are weak. (Str -2) [a shining eye]
114253 | Slime:5  | Entered Level 5 of the Pits of Slime
114432 | Slime:5  | Noticed the Royal Jelly
114433 | Slime:5  | Gained mutation: Your magical capacity is low. (-10% MP) [a
                  | shining eye]
114438 | Slime:5  | Killed the Royal Jelly
116026 | Slime:5  | Got a slimy rune of Zot
116027 | Slime:5  | Identified the +8 trident of Virtue {heavy, Drain rElec
                  | rF+}
116038 | Slime:5  | Found the +2 Maxwell's thermic engine {flame, freeze}
116051 | Slime:5  | Identified the +1 mace of the Bruised Knives {heavy, MP-9
                  | Dex+2 Stlth+}
116056 | Slime:5  | Identified the +8 hand axe "Sarcophage" {antimagic, Fragile
                  | Dex+4}
116109 | Slime:5  | Acquired a book of the Earth
116134 | Slime:5  | Identified the +1 robe of Etaluc {rF++ rN+}
116136 | Slime:5  | Identified the +1 robe of the Sneaky Ultimatums {Str+3}
116668 | Depths:1 | Voluntarily entered the Abyss.
116841 | Abyss:3  | Found a corrupted altar of Lugonu.
116923 | Abyss:3  | Found a corrupted altar of Lugonu.
117187 | Abyss:3  | Found a corrupted altar of Lugonu.
117238 | Abyss:3  | Got an abyssal rune of Zot
117494 | Depths:1 | Escaped the Abyss
117623 | Pan      | Entered the realm of Mnoleg.
117623 | Pan      | Entered Pandemonium
117670 | Pan      | Paralysed by a floating eye for 3 turns
117862 | Pan      | Gained mutation: You occasionally shout uncontrollably at
                  | your foes. [a cacodemon]
118017 | Pan      | Noticed Mnoleg
118025 | Pan      | Killed Mnoleg
118064 | Pan      | Gained mutation: You are vulnerable to cold. (rC-) [a
                  | neqoxec]
118081 | Pan      | Gained mutation: You sometimes lose your temper in combat.
                  | [a neqoxec]
118629 | Pan      | Got a glowing rune of Zot
118973 | Pan      | Entered the realm of Lom Lobon.
119150 | Pan      | Found an exit through the horrors of the Abyss.
119683 | Pan      | Learned a level 8 spell: Lehudib's Crystal Spear
120154 | Pan      | Noticed Lom Lobon
120195 | Pan      | Killed Lom Lobon
120433 | Pan      | Got a magical rune of Zot
120615 | Pan      | Entered the realm of Cerebov.
120664 | Pan      | Reached skill level 15 in Stealth
121081 | Pan      | Identified the amulet of Daerchuhe {Faith rPois rC+}
121110 | Pan      | Found the +6 sword of Cerebov {flame}
121110 | Pan      | Identified the ring of Sothratzy {rElec rPois rCorr Dex-2
                  | SInv}
121110 | Pan      | Noticed Cerebov
121728 | Pan      | Acquired 545 gold pieces
121737 | Pan      | Killed Cerebov
121811 | Pan      | Got a fiery rune of Zot
121853 | Pan      | Identified the +1 arbalest "Zemuemmo" {antimagic, Str+2}
121887 | Pan      | Identified the +3 dagger "Rusurch" {venom, rCorr Str+2}
122034 | Pan      | Found an exit through the horrors of the Abyss.
122059 | Pan      | Noticed Qysadeer the pandemonium lord
122064 | Pan      | Killed Qysadeer the pandemonium lord
122084 | Pan      | Got a demonic rune of Zot
122447 | Pan      | Identified the +5 sling of Arbitration {heavy, rF+ Int+4}
122692 | Pan      | Found an exit through the horrors of the Abyss.
122865 | Pan      | Noticed Egoerov the pandemonium lord
123092 | Pan      | Noticed Jeqetwuts the pandemonium lord
123098 | Pan      | Entered the realm of Gloorx Vloq.
123101 | Pan      | Killed Jeqetwuts the pandemonium lord
123433 | Pan      | Found an exit through the horrors of the Abyss.
123756 | Pan      | Learned a level 9 spell: Dragon's Call
124030 | Pan      | Noticed Gloorx Vloq
124465 | Pan      | Killed Gloorx Vloq
124473 | Pan      | Got a dark rune of Zot
124606 | Pan      | Found a glowing silver altar of Zin.
125145 | Pan      | Identified the +1 leather armour of the Present {rElec
                  | Int+5}
125513 | Pan      | Found a white marble altar of Elyvilon.
126115 | Pan      | Reached skill level 1 in Summonings
126115 | Pan      | Reached skill level 1 in Ice Magic
126917 | Pan      | Lost mutation: You occasionally shout uncontrollably at
                  | your foes. [potion of mutation]
126917 | Pan      | Lost mutation: Your mind is acute. (Int +4, Str/Dex -1)
                  | [potion of mutation]
126917 | Pan      | Lost mutation: You sometimes lose your temper in combat.
                  | [potion of mutation]
126917 | Pan      | Gained mutation: Your body sometimes deteriorates upon
                  | taking damage. [potion of mutation]
126917 | Pan      | Gained mutation: You are mostly covered in iridescent
                  | scales. (AC +4) [potion of mutation]
126918 | Pan      | Lost mutation: You are vulnerable to cold. (rC-) [potion of
                  | mutation]
126918 | Pan      | Lost mutation: Your magical capacity is low. (-10% MP)
                  | [potion of mutation]
126918 | Pan      | Lost mutation: You are weak. (Str -2) [potion of mutation]
126918 | Pan      | Gained mutation: Your flesh is cold resistant. (rC+)
                  | [potion of mutation]
126918 | Pan      | Gained mutation: You have a pair of small antennae on your
                  | head. [potion of mutation]
126919 | Pan      | Lost mutation: Your body sometimes deteriorates upon taking
                  | damage. [potion of mutation]
126919 | Pan      | Lost mutation: Your flesh is cold resistant. (rC+) [potion
                  | of mutation]
126919 | Pan      | Gained mutation: Your mind is acute. (Int +4, Str/Dex -1)
                  | [potion of mutation]
126919 | Pan      | Gained mutation: One of your tentacles bears a spike.
                  | [potion of mutation]
126919 | Pan      | Gained mutation: Your system is resistant to poisons.
                  | (rPois) [potion of mutation]
127278 | Pan      | Identified the +1 troll leather armour of Vuffunej {-Tele
                  | Regen+ Dex+3 SInv}
127291 | Pan      | Identified the +1 chain mail of Panentheism {rPois Regen+}
127300 | Pan      | Noticed a seraph
127303 | Pan      | Killed a seraph
127304 | Pan      | Reached skill level 5 in Summonings
127304 | Pan      | Reached skill level 5 in Ice Magic
127307 | Pan      | Found a glowing golden altar of the Shining One.
127331 | Pan      | Identified the +1 pair of boots "Elanyn" {Harm Fly}
127333 | Pan      | Identified the +0 helmet of Intense Curiosity {Stlth+}
127338 | Depths:2 | Escaped Pandemonium
127386 | Geh:1    | Entered Level 1 of Gehenna
128296 | Geh:7    | Entered Level 7 of Gehenna
128328 | Geh:7    | Identified the +0 dagger of Wounding {freeze, rElec Int+5}
128580 | Geh:7    | Reached skill level 15 in Evocations
128582 | Geh:7    | Found the +7 sceptre of Asmodeus
128582 | Geh:7    | Noticed Asmodeus
128589 | Geh:7    | Killed Asmodeus
128596 | Geh:7    | Identified the ring "Sowyuras" {rF- rC+ Dex+6}
128648 | Geh:7    | Identified the +0 trident "Yleiwus" {distort, rF+ Str+7
                  | Int+6}
128679 | Geh:7    | Got an obsidian rune of Zot
128784 | Geh:7    | Identified the ring of Kasirr {Contam rPois rC+ EV+5}
128980 | Hell     | Bought the ring "Anodad" {Will++ Dex+6 SInv} for 1346 gold
                  | pieces
128986 | Hell     | Bought the ring of Suspicion {+Blink rF+++ AC+4 Str-3
                  | Stlth+} for 1793 gold pieces
129056 | Coc:1    | Entered Level 1 of Cocytus
129418 | Coc:7    | Entered Level 7 of Cocytus
129872 | Coc:7    | Paralysed by a wendigo for 1 turns
130082 | Coc:7    | Noticed Antaeus
130107 | Coc:7    | Killed Antaeus
130225 | Coc:7    | Got an icy rune of Zot
130685 | Dis:1    | Entered Level 1 of the Iron City of Dis
130687 | Dis:1    | You are sucked into a shaft and drop 1 floor!
131016 | Dis:4    | Found a huge runed gate.
131016 | Dis:4    | Found a huge runed gate.
131016 | Dis:4    | Found a huge runed gate.
131016 | Dis:4    | Found a huge runed gate.
131016 | Dis:4    | Found a huge runed gate.
131016 | Dis:4    | Found a huge runed gate.
131016 | Dis:4    | Found a huge runed gate.
131016 | Dis:4    | Found a huge runed gate.
131016 | Dis:4    | Found a huge runed gate.
131029 | Dis:4    | Found a huge runed gate.
131029 | Dis:4    | Found a huge runed gate.
131038 | Dis:4    | Found a huge runed gate.
131038 | Dis:4    | Found a huge runed gate.
131039 | Dis:4    | Found a huge runed gate.
131062 | Dis:4    | Found a huge runed gate.
131063 | Dis:4    | Found a huge runed gate.
131063 | Dis:4    | Found a huge runed gate.
131063 | Dis:4    | Found a huge runed gate.
131063 | Dis:4    | Found a huge runed gate.
131063 | Dis:4    | Found a huge runed gate.
131063 | Dis:4    | Found a huge runed gate.
131063 | Dis:4    | Found a huge runed gate.
131063 | Dis:4    | Found a huge runed gate.
131132 | Dis:4    | Found a huge runed gate.
131141 | Dis:4    | Found a huge runed gate.
131625 | Dis:7    | Entered Level 7 of the Iron City of Dis
131793 | Dis:7    | Noticed the Serpent of Hell
131797 | Dis:7    | Killed the Serpent of Hell
131804 | Dis:7    | Found the +4 staff of Dispater
131804 | Dis:7    | Noticed Dispater
131812 | Dis:7    | Killed Dispater
131833 | Dis:7    | Got an iron rune of Zot
131836 | Dis:7    | Identified the ring "Bisyus Piel" {Fly rCorr}
131837 | Dis:7    | Identified the ring of the Ancients {rC+ AC+4 Dex+2}
132448 | Tar:1    | Entered Level 1 of Tartarus
132481 | Tar:1    | Noticed a dread lich
132487 | Tar:1    | Killed a dread lich
134720 | Tar:7    | Entered Level 7 of Tartarus
134729 | Tar:7    | Noticed a dread lich
134732 | Tar:7    | Noticed a dread lich
134733 | Tar:7    | Killed a dread lich
134737 | Tar:7    | Reached skill level 15 in Staves
134737 | Tar:7    | Killed a dread lich
134754 | Tar:7    | Reached skill level 10 in Summonings
134754 | Tar:7    | Reached skill level 10 in Ice Magic
134801 | Tar:7    | Learned a level 1 spell: Apportation
135086 | Tar:7    | Noticed a dread lich
135090 | Tar:7    | Killed a dread lich
135094 | Tar:7    | Noticed a dread lich
135098 | Tar:7    | Killed a dread lich
135107 | Tar:7    | Got a bone rune of Zot
135428 | Crypt:1  | Entered Level 1 of the Crypt
135428 | Crypt:1  | Found a transporter.
135430 | Crypt:1  | Noticed Kucw's ghost (adept GrFi)
135441 | Crypt:1  | Killed Kucw's ghost
135443 | Crypt:1  | Found a transporter.
135444 | Crypt:1  | Found the brooch of Shielding {Spirit SH+8}
135455 | Crypt:1  | Identified the ring of Nor Ukkor {Wiz rC+ rCorr}
135736 | Crypt:2  | Identified the +5 dagger of Neurosis {freeze, rPois rF+
                  | rC+}
135769 | Crypt:3  | Entered Level 3 of the Crypt
135775 | Crypt:3  | Noticed a dread lich
135779 | Crypt:3  | Killed a dread lich
136170 | Crypt:3  | Found an ancient bone altar of Kikubaaqudgha.
136185 | Crypt:3  | Found a basalt altar of Yredelemnul.
136241 | Crypt:3  | Identified the ring of Equilibrium {*Slow AC+4 Str-4 Int+4
                  | Dex+3}
136516 | Crypt:3  | Found a staircase to the Tomb.
136998 | Crypt:3  | Got the Spellbook of the Autopsy
137145 | Tomb:1   | Entered Level 1 of the Tomb of the Ancients
137248 | Tomb:1   | Noticed a royal mummy
137261 | Tomb:1   | Killed a royal mummy
137276 | Tomb:1   | Noticed a royal mummy
137283 | Tomb:1   | Killed a royal mummy
137389 | Tomb:1   | Noticed a royal mummy
137391 | Tomb:1   | Noticed a royal mummy
137392 | Tomb:1   | Killed a royal mummy
137393 | Tomb:1   | Noticed a royal mummy
137394 | Tomb:1   | Killed a royal mummy
137396 | Tomb:1   | Killed a royal mummy
137403 | Tomb:1   | Noticed a royal mummy
137406 | Tomb:1   | Noticed a royal mummy
137743 | Tomb:1   | Killed a royal mummy
137897 | Tomb:1   | Killed a royal mummy
137910 | Tomb:1   | Noticed a royal mummy
137911 | Tomb:1   | Noticed a royal mummy
137913 | Tomb:1   | Killed a royal mummy
137914 | Tomb:1   | Killed a royal mummy
137915 | Tomb:1   | Noticed a royal mummy
137947 | Tomb:1   | Killed a royal mummy
138010 | Crypt:3  | Learned a level 8 spell: Necromutation
138171 | Tomb:1   | Noticed a royal mummy
138174 | Tomb:1   | Killed a royal mummy
138175 | Tomb:1   | Reached skill level 1 in Transmutations
138184 | Tomb:1   | Noticed a royal mummy
138186 | Tomb:1   | Killed a royal mummy
138670 | Tomb:1   | Noticed a royal mummy
138670 | Tomb:1   | Noticed a royal mummy
138670 | Tomb:1   | Noticed a royal mummy
138673 | Tomb:1   | Killed a royal mummy
138673 | Tomb:1   | Noticed a royal mummy
138673 | Tomb:1   | Noticed Khufu
138674 | Tomb:1   | Noticed a royal mummy
138697 | Tomb:1   | Gained mutation: You are clumsy. (Dex -2) [mutagenic glow]
139124 | Tomb:1   | Killed a royal mummy
139199 | Tomb:1   | Noticed a royal mummy
139202 | Tomb:1   | Killed a royal mummy
139203 | Tomb:1   | Noticed a royal mummy
139204 | Tomb:1   | Killed a royal mummy
139205 | Tomb:1   | Killed a royal mummy
139206 | Tomb:1   | Reached skill level 10 in Necromancy
139370 | Tomb:1   | Noticed a royal mummy
139372 | Tomb:1   | Killed a royal mummy
139373 | Tomb:1   | Reached skill level 5 in Transmutations
139625 | Tomb:1   | Noticed a royal mummy
139628 | Tomb:1   | Killed a royal mummy
139797 | Tomb:1   | Noticed a royal mummy
139803 | Tomb:1   | Killed a royal mummy
139820 | Tomb:1   | Killed a royal mummy
139835 | Tomb:1   | Noticed a royal mummy
139842 | Tomb:1   | Killed a royal mummy
139842 | Tomb:1   | Killed a royal mummy
139844 | Tomb:1   | Killed Khufu
140120 | Tomb:1   | Noticed a royal mummy
140123 | Tomb:1   | Killed a royal mummy
140277 | Tomb:1   | Noticed a royal mummy
140281 | Tomb:1   | Killed a royal mummy
140715 | Tomb:2   | Noticed a royal mummy
140716 | Tomb:2   | Killed a royal mummy
140716 | Tomb:2   | Noticed a royal mummy
140718 | Tomb:2   | Killed a royal mummy
140808 | Tomb:2   | Noticed a royal mummy
140810 | Tomb:2   | Noticed a royal mummy
140812 | Tomb:2   | Killed a royal mummy
140813 | Tomb:2   | Killed a royal mummy
141015 | Tomb:3   | Entered Level 3 of the Tomb of the Ancients
141029 | Tomb:3   | Noticed a royal mummy
141029 | Tomb:3   | Noticed a royal mummy
141032 | Tomb:3   | Killed a royal mummy
141032 | Tomb:3   | Killed a royal mummy
141038 | Tomb:3   | Noticed a royal mummy
141038 | Tomb:3   | Noticed a royal mummy
141042 | Tomb:3   | Reached skill level 10 in Transmutations
141042 | Tomb:3   | Killed a royal mummy
141042 | Tomb:3   | Killed a royal mummy
141058 | Tomb:3   | Noticed a royal mummy
141058 | Tomb:3   | Noticed a royal mummy
141059 | Tomb:3   | Killed a royal mummy
141059 | Tomb:3   | Killed a royal mummy
141059 | Tomb:3   | Noticed a royal mummy
141059 | Tomb:3   | Noticed a royal mummy
141063 | Tomb:3   | Killed a royal mummy
141064 | Tomb:3   | Killed a royal mummy
141072 | Tomb:3   | Got a golden rune of Zot
141097 | Tomb:3   | Found the amulet of the Four Winds {rN+ Will+++ Clar}
141557 | Tomb:3   | Identified the +8 rapier "Fonwypt" {venom, rC+ Int+3}
141567 | Tomb:3   | Identified the +5 great mace of Armageddon {heavy, *Rage
                  | rF+ Stlth+}
141573 | Tomb:3   | Identified the +3 battleaxe of Entrepreneurial Spirit
                  | {elec, rElec rC+ Stlth+}
142005 | Vaults:3 | Learned a level 6 spell: Death Channel
142024 | Zig:1    | Entered Level 1 of a ziggurat
142042 | Zig:2    | Entered Level 2 of a ziggurat
142061 | Zig:3    | Entered Level 3 of a ziggurat
142148 | Zig:4    | Entered Level 4 of a ziggurat
142151 | Zig:4    | Noticed an orb of fire
142158 | Zig:4    | Killed an orb of fire
142176 | Zig:4    | Identified the +7 plate armour "Puclyl Loow" {Will+ Int+3}
142321 | Zig:5    | Entered Level 5 of a ziggurat
142326 | Zig:5    | Found the +5 consecrated labrys {holy, Valiant Fragile Fly
                  | SInv}
142345 | Zig:5    | Identified the +2 morningstar "Virghei" {heavy, rElec rCorr
                  | Dex+3}
142371 | Zig:6    | Entered Level 6 of a ziggurat
142394 | Zig:6    | Identified the ring "Ydihil" {+Blink EV+5 Str-5 Int+6
                  | Stlth-}
142518 | Zig:6    | Identified the +7 leather armour "Naumn" {Int+2 Stlth+}
142525 | Zig:7    | Entered Level 7 of a ziggurat
142528 | Zig:7    | Noticed Odeex the pandemonium lord
142533 | Zig:7    | Killed Odeex the pandemonium lord
142534 | Zig:7    | Reached skill level 15 in Summonings
142534 | Zig:7    | Reached skill level 15 in Ice Magic
142725 | Zig:8    | Entered Level 8 of a ziggurat
142737 | Zig:8    | Found the +3 robe of Clouds {*Thunder rCloud rElec}
142916 | Zig:9    | Entered Level 9 of a ziggurat
142920 | Zig:9    | Noticed an ancient lich
142920 | Zig:9    | Noticed a dread lich
142922 | Zig:9    | Noticed a dread lich
142924 | Zig:9    | Killed a dread lich
142924 | Zig:9    | Killed an ancient lich
142924 | Zig:9    | Killed a dread lich
142976 | Zig:9    | Identified the +3 dagger of Nemelex Xobeh {freeze, Will++
                  | rCorr Str+3 Dex-3}
142982 | Zig:9    | Identified the +9 chain mail "Sijea" {-Cast rElec rPois}
143019 | Zig:10   | Entered Level 10 of a ziggurat
143131 | Zig:10   | Identified the +12 short sword "Killer Bee's Curse" {flame,
                  | *Slow rElec rCorr}
143145 | Zig:10   | Identified the +0 scale mail of the Caustic God {rF+ Int+3
                  | Dex+3}
143146 | Zig:10   | Identified the +1 short sword of the Loving Gods {holy,
                  | rN+}
143147 | Zig:10   | Identified the amulet of Kiriaf Fuju {Spirit Fragile Fly
                  | Dex+2 SInv}
143180 | Zig:11   | Entered Level 11 of a ziggurat
143221 | Zig:11   | Identified the ring "Epten" {rPois Str+5}
143405 | Zig:11   | Identified the +2 scale mail "Wopil" {rF+ Will+}
143523 | Zig:12   | Entered Level 12 of a ziggurat
143534 | Zig:12   | Noticed Ocaseir the pandemonium lord
143540 | Zig:12   | Killed Ocaseir the pandemonium lord
143659 | Zig:12   | Identified the +6 pearl dragon scales of Parts Unknown
                  | {rElec rPois rN+}
143662 | Zig:12   | Identified the +8 trident of Etawuem {heavy, rC+ Str+2}
143671 | Zig:12   | Identified the +3 mace "Seazimu" {chaos, Str+3}
143676 | Zig:13   | Entered Level 13 of a ziggurat
143685 | Zig:13   | Noticed Xeosa the pandemonium lord
143693 | Zig:13   | Killed Xeosa the pandemonium lord
143832 | Zig:13   | Identified the +6 chain mail "Pafecamn" {Will++ rCorr MP+9
                  | Dex-4}
143837 | Zig:14   | Entered Level 14 of a ziggurat
143962 | Zig:14   | Identified the +11 quarterstaff of Fate {holy, rPois Int+5
                  | Dex-2 SInv}
144041 | Zig:14   | Identified the +8 lajatang of Durghueci {antimagic, rElec
                  | Str-5 Int+4 Dex+4 SInv}
144077 | Zig:15   | Entered Level 15 of a ziggurat
144215 | Zig:15   | Identified the +2 great mace of Frustration {flame, rCorr
                  | Str+2 Int-5 Dex+5}
144223 | Zig:15   | Identified the +8 arbalest "Pefoluod" {heavy, Will++ Str-4
                  | Int+5}
144312 | Zig:16   | Entered Level 16 of a ziggurat
144482 | Zig:16   | Identified the ring "Onoi" {Drain rF+ rN+++ EV+5 Int-2}
144535 | Zig:17   | Entered Level 17 of a ziggurat
144547 | Zig:17   | Noticed Weuho the pandemonium lord
144555 | Zig:17   | Killed Weuho the pandemonium lord
144807 | Zig:18   | Entered Level 18 of a ziggurat
144966 | Zig:18   | Identified the +1 shortbow of Checks and Balances {heavy,
                  | Fragile rN+ Int+3 Dex+3}
144976 | Zig:18   | Identified the +5 sling of Odorabiw {freeze, Int+4 SInv}
144999 | Zig:19   | Entered Level 19 of a ziggurat
145128 | Zig:19   | Identified the +2 mace of Dawkimusk {freeze, Int+3}
145137 | Zig:19   | Identified the +9 whip of Opeoza Lul {freeze, rF+}
145145 | Zig:19   | Identified the +1 troll leather armour "Negolamp" {rC+
                  | Regen+ rCorr Dex+3}
145200 | Zig:19   | Identified the +5 morningstar "Ustryuq" {freeze, rPois rC+
                  | Int-5 Dex+6}
145201 | Zig:19   | Identified the +0 halberd of Chagrin {flame, rF+}
145210 | Zig:20   | Entered Level 20 of a ziggurat
145401 | Zig:20   | Identified the +1 demon whip "Rekasion" {heavy, rC+ Will-
                  | Int+3}
145402 | Zig:20   | Identified the +5 whip "Damits" {flame, rC+ Will+}
145403 | Zig:20   | Identified the +4 eveningstar of the Gnashing Puffin
                  | {protect, rN+}
145406 | Zig:20   | Identified the amulet of the Devil's Team {Rampage rN++
                  | Regen+}
145468 | Zig:21   | Entered Level 21 of a ziggurat
145713 | Zig:21   | Identified the +3 glaive of Doaxivi {holy, rF+ rN+}
145716 | Zig:21   | Identified the ring "Qorchyv" {Wiz rN+ rCorr}
145720 | Zig:21   | Identified the +7 morningstar "Domo" {speed, Str+4 Dex-4}
145722 | Zig:21   | Identified the +5 great sword "Hoddeof" {flame, rPois rF-
                  | Int+2 SInv}
145857 | Zig:22   | Entered Level 22 of a ziggurat
145876 | Zig:22   | Paralysed by accursed screaming for 1 turns
145888 | Zig:22   | Found the +7 lajatang of Order {silver, rMut}
145890 | Zig:22   | Found the dreamshard necklace {*Dream Drain}
145890 | Zig:22   | Found the +11 plutonium sword {Contam Stlth-}
146177 | Zig:22   | Identified the ring of Wituhel {Str+2 Int+6}
146198 | Zig:22   | Identified the +7 spear of Mutilation {pain, *Corrode rElec
                  | rF+}
146199 | Zig:22   | Identified the +4 chain mail "Zouco" {rElec rCorr Str+2
                  | Stlth+}
146262 | Zig:23   | Entered Level 23 of a ziggurat
146268 | Zig:23   | Noticed a juggernaut
146271 | Zig:23   | Noticed a juggernaut
146271 | Zig:23   | Noticed a juggernaut
146272 | Zig:23   | Noticed a juggernaut
146272 | Zig:23   | Noticed a juggernaut
146273 | Zig:23   | Killed a juggernaut
146274 | Zig:23   | Noticed a juggernaut
146274 | Zig:23   | Noticed a juggernaut
146275 | Zig:23   | Noticed a juggernaut
146276 | Zig:23   | Killed a juggernaut
146277 | Zig:23   | Killed a juggernaut
146278 | Zig:23   | Killed a juggernaut
146278 | Zig:23   | Killed a juggernaut
146278 | Zig:23   | Killed a juggernaut
146278 | Zig:23   | Killed a juggernaut
146278 | Zig:23   | Killed a juggernaut
146278 | Zig:23   | Noticed a juggernaut
146283 | Zig:23   | Killed a juggernaut
146290 | Zig:23   | Found the +1 cloak of Starlight {*Dazzle EV+4 Stlth--}
146401 | Zig:23   | Identified the +7 plate armour "Ycefog" {Will+ Regen+
                  | Dex+3}
146405 | Zig:23   | Identified the +6 short sword of Valuable Assets {drain,
                  | rC++ rN+ Str+4}
146535 | Zig:24   | Entered Level 24 of a ziggurat
146554 | Zig:24   | Found the +12 pair of quick blades "Gyre" and "Gimble"
                  | {protect}
146555 | Zig:24   | Found the ring of the Mage {Wiz Archmagi}
146755 | Zig:24   | Identified the +0 falchion of Drought {protect, Fly rN+++
                  | MP+9 Str-3 Int-3}
146804 | Zig:24   | Identified the +1 glaive of Pride {pain, Dex+4}
146855 | Zig:25   | Entered Level 25 of a ziggurat
146879 | Zig:25   | Found the ring of the Tortoise {AC+8}
146990 | Zig:25   | Identified the +1 quarterstaff "Duosuh Jumel" {speed,
                  | +Blink rC+++ MP+9 Str-3}
146994 | Zig:25   | Identified the ring "Noafeidghe" {rF+ rCorr}
147009 | Zig:25   | Identified the ring "Faogok" {*Slow rElec rF+ Dex+3}
147010 | Zig:25   | Identified the +10 shortbow of Voitwes {freeze, rN+++ rCorr
                  | Str-5 Stlth-}
147012 | Zig:25   | Identified the +4 robe of the Alphagorgon {+Blink Fly Int+4
                  | Slay+2}
147227 | Zig:26   | Entered Level 26 of a ziggurat
147257 | Zig:26   | Reached skill level 27 in Staves
147267 | Zig:26   | Reached skill level 27 in Evocations
147288 | Zig:26   | Noticed a dread lich
147291 | Zig:26   | Paralysed by accursed screaming for 1 turns
147302 | Zig:26   | Killed a dread lich
147696 | Zig:26   | Identified the +2 shortbow of Shame {heavy, Dex+6}
147699 | Zig:26   | Identified the +7 sling "Ewnyu" {flame, rF+ MP+9 Int+3
                  | SInv}
147755 | Zig:27   | Entered Level 27 of a ziggurat
147766 | Zig:27   | Noticed Totuz's ghost (legendary HOFi)
147767 | Zig:27   | Noticed Rirumasy's ghost (legendary OpWn)
147767 | Zig:27   | Noticed Oreexun's ghost (legendary DECj)
147768 | Zig:27   | Noticed Teaz Xo Upt's ghost (legendary GnFE)
147768 | Zig:27   | Noticed Hillam's ghost (legendary DsTm)
147769 | Zig:27   | Noticed meatyocre's ghost (veteran TrFi)
147770 | Zig:27   | Noticed Hewasun's ghost (legendary MiBe)
147773 | Zig:27   | Killed Oreexun's ghost
147774 | Zig:27   | Noticed frimble's ghost (legendary GrFi)
147774 | Zig:27   | Noticed Motirgh's ghost (legendary DgHW)
147774 | Zig:27   | Noticed Piginabag's ghost (veteran GnMo)
147774 | Zig:27   | Noticed Alysiarr's ghost (legendary KoHu)
147774 | Zig:27   | Noticed Amikeex's ghost (adept TrMo)
147774 | Zig:27   | Killed Hillam's ghost
147774 | Zig:27   | Noticed MrSquiggles's ghost (veteran MiHu)
147774 | Zig:27   | Killed Totuz's ghost
147774 | Zig:27   | Noticed Anafel's ghost (legendary GrFi)
147774 | Zig:27   | Noticed Zoplarin's ghost (legendary BaSk)
147774 | Zig:27   | Noticed andrewp's ghost (veteran MiBe)
147775 | Zig:27   | Noticed ooooo's ghost (legendary DsCj)
147775 | Zig:27   | Noticed Xatwola's ghost (legendary DDFi)
147775 | Zig:27   | Noticed Wammos's ghost (legendary TeCj)
147775 | Zig:27   | Noticed deprived's ghost (legendary HOFi)
147775 | Zig:27   | Noticed sleeves's ghost (legendary HuSk)
147775 | Zig:27   | Noticed Qupubruts's ghost (master HOFi)
147775 | Zig:27   | Noticed Qeilemp's ghost (legendary HOFi)
147775 | Zig:27   | Noticed MrSquiggles's ghost (legendary OpEE)
147783 | Zig:27   | Noticed wormed's ghost (legendary OpTm)
147788 | Zig:27   | Killed Hewasun's ghost
147788 | Zig:27   | Killed Rirumasy's ghost
147788 | Zig:27   | Killed meatyocre's ghost
147789 | Zig:27   | Killed Teaz Xo Upt's ghost
147789 | Zig:27   | Killed Amikeex's ghost
147790 | Zig:27   | Killed Motirgh's ghost
147790 | Zig:27   | Killed Piginabag's ghost
147790 | Zig:27   | Killed Alysiarr's ghost
147790 | Zig:27   | Killed Xatwola's ghost
147790 | Zig:27   | Killed MrSquiggles's ghost
147790 | Zig:27   | Killed frimble's ghost
147812 | Zig:27   | Killed MrSquiggles's ghost
147813 | Zig:27   | Killed Qeilemp's ghost
147813 | Zig:27   | Killed Qupubruts's ghost
147813 | Zig:27   | Killed ooooo's ghost
147813 | Zig:27   | Killed Zoplarin's ghost
147813 | Zig:27   | Killed sleeves's ghost
147814 | Zig:27   | Killed wormed's ghost
147814 | Zig:27   | Killed Wammos's ghost
147832 | Zig:27   | Killed deprived's ghost
147833 | Zig:27   | Killed andrewp's ghost
147834 | Zig:27   | Killed Anafel's ghost
147852 | Zig:27   | Found the +4 skin of Zhor {*Englaciate rC+++ SInv}
148225 | Zig:27   | Identified the ring of Zoaxody {Fly rC++ Str+3}
148249 | Zig:27   | Identified the ring "Tuditt" {Ice rPois}
148255 | Zig:27   | Identified the +7 long sword of the Endless March {heavy,
                  | rF- rCorr Dex+2}
148258 | Zig:27   | Identified the +1 rapier "Qysobist" {flame, Dex+3}
148287 | Vaults:3 | Upgraded the game from 0.30-a0-743-gbfdf073431 to
                  | 0.30-a0-760-g5a9884bb7c
148289 | Zig:1    | Entered Level 1 of a ziggurat
148291 | Zig:1    | Quit the game

Illustrated notes

Levels and vault maps discovered:
D:1:      minmay_arrival_doors, layout_basic, serial_shops, shop
D:2:      layout_basic, minmay_misc_feat_columns, uniq_crazy_yiuf_cottage,
          uniq_jessica
D:3:      layout_basic, basic_ecumenical_altar, roderic_batcave,
          kennysheep_path_1
D:4:      layout_loops_ring, minmay_joined_circles, uniq_pikel
D:5:      layout_gridville, uniq_ijyb, uniq_edmund
D:6:      layout_loops_corners, chequers_garden
D:7:      layout_cave_pods, amethyst_overflow_temple_binary,
          minmay_temple_entry_purple_smoke, uniq_prince_ribbit1
D:8:      layout_loops_ring, grunt_decor_cap, serial_bayou_ford_a, uniq_maurice
D:9:      layout_roguey, erik_orc_4
D:10:     layout_loops_ring, vehumet_altar_wand_db, trog_book,
          gammafunk_ghost_berserking_beasts
D:11:     layout_long_grid, hellmonk_lair_entry_icy, serial_shops,
          nicolae_shop_bloodbath_and_beyond, gauntlet_entry_generic,
          minmay_shattered_shrine, uniq_snorg
D:12:     layout_loops_ring, led_sif_pool
D:13:     layout_roguey, david_vaults_2, hellmonk_guarded_unrand_frostbite
D:14:     layout_loops_cross, serial_shops, nicolae_diamond_shop,
          portal_ice_cave_entry_pillars_three, grunt_decor_junction,
          uniq_louise, uniq_agnes
D:15:     gammafunk_depths_entry_grave, layout_gridville, minmay_crystal_water
Temple:   eino_narrow_crystal_temple
Lair:1:   layout_regular_city, basic_altar
Lair:2:   minmay_lair_venomous_thicket, layout_gridlike, uniq_gastronok,
          uniq_erica
Lair:3:   layout_layer_cave, skrybe_swamp_entry_bodies,
          nicolae_spider_entry_tight_spaces, grunt_megastairs_5,
          infiniplex_staircase_pool_2
Lair:4:   layout_misc_corridors, lemuel_fruit_tree, grunt_megastairs_2,
          serial_bayou_shore_a
Lair:5:   cheibrodos_lair_end_hotspot, layout_regular_city, slime_entry_1,
          minivault_11, kennysheep_basilisk_garden
Swamp:1:  nicolae_swamp_decorative_isthmus, layout_basic_swamp,
          evilmike_swamp_ruin_house_5, swamp_pool3
Swamp:2:  nicolae_swamp_standing_stones, layout_basic_swamp,
          nicolae_swamp_godswood, swamp_pool1, infiniplex_staircase_pool
Swamp:3:  layout_falls_marsh, serial_swamp_ruin, evilmike_swamp_ruin_house_1,
          evilmike_swamp_ruin_house_2, evilmike_swamp_ruin_house_3
Swamp:4:  swamp, layout_basic_swamp, swamp_pool1
Spider:1: layout_spider_delve, hangedman_spider_tarantella_strand
Spider:2: layout_spider_delve
Spider:3: layout_cave_pods, uniq_jorgrun
Spider:4: grunt_spider_rune_parallel
Slime:1:  layout_caves
Slime:2:  layout_caves
Slime:3:  layout_caves
Slime:4:  cheibrodos_slime_lost_civilization_3, layout_caves
Slime:5
Orc:1:    layout_caves, kennysheep_orc_chapel
Orc:2:    st_orc_mages, layout_caves, serial_shops, shop, shop, shop_fountains,
          gammafunk_ghost_stat_death, nicolae_orc_pool_cavern,
          dreamdust_deal_with_the_devil, lemuel_statue_altar,
          okawaru_metal_pillars_3
Elf:1:    layout_gridlike, minmay_elf_necromancy, minmay_elf_sorcery,
          uniq_donald
Elf:2:    nicolae_elf_blades_crystal_corner, layout_geoelf_grid,
          corexii_checkpoint_a
Elf:3:    minmay_elf_hall_statues, layout_geoelf_octagon
Vaults:1: vaults_room_fours, ontoclasm_vaults_decontamination, v_misc_22,
          st_lattice, vaults_room_ringed_pool, nicolae_vaults_alarming,
          vaults_dpeg_hooks, v_misc_25, v_misc_5,
          nicolae_vaults_inception_scallops, vaults_standard_mumra_x,
          hangedman_vaults_restitches, v_rooms_6, ontoclasm_vaults_ligature,
          layout_vaults_maze_bifur
Vaults:2: v_pattern_1, nicolae_vaults_ring_of_whatevers,
          hangedman_vaults_stretched_pinwheel, v_misc_12, v_misc_2,
          ontoclasm_vaults_ring_square, hangedman_vaults_nails, v_misc_8,
          grunt_vaults_diagonal, nicolae_vaults_little_ls,
          layout_vaults_omnigrid
Vaults:3: v_misc_10, nicolae_vaults_lopsided_apartments,
          hangedman_vaults_corner, grunt_vaults_bifocal,
          hangedman_vaults_stitches, v_rooms_3, nicolae_vaults_little_squares_2,
          ontoclasm_vaults_chip, ontoclasm_vaults_shuriken,
          ontoclasm_vaults_chip, minmay_crypt_entry_simple_box,
          layout_vaults_omnibox
Vaults:4: nicolae_vaults_display_case, v_alt_pattern_6, v_misc_4, v_misc_16,
          v_misc_5, hangedman_vaults_cutoff, grunt_vaults_hallway_short,
          v_misc_14, ontoclasm_vaults_fault, ontoclasm_vaults_eye, v_misc_28,
          nicolae_vaults_ring_of_whatevers, layout_vaults_big_cross,
          serial_hangedman_research, hangedman_research_thermodynamics,
          hangedman_research_pyrotechnics, hangedman_research_toxicology,
          uniq_zenata, uniq_xtahua
Vaults:5
Crypt:1:  layout_misc_corridors, gammafunk_ghost_arena, st_stairs_1,
          amcnicky_mini_pool_small
Crypt:2:  layout_rooms, roderic_lattice_octagonal_star
Crypt:3:  lightli_unholy_cathedral, layout_chaotic_city,
          tomb_entry_shell_bobbens
Tomb:1:   uniq_khufu
Tomb:2
Tomb:3
Depths:1: layout_cave_shapes, hangedman_geh_valley,
          abyss_entry_small_statue_room, good_gods_mini_temple,
          kennysheep_another_room, hangedman_decor_clover_reticule,
          nrook_mini_backslash, nicolae_tso_carved_into_rock, uniq_asterion,
          uniq_aizul, uniq_saint_roka, uniq_mara
Depths:2: minmay_the_grid_octo_2x2 [minmay_the_grid_octo_shrine,
          minmay_the_grid_octo_teeth, minmay_the_grid_octo_focus,
          minmay_the_grid_octo_prize_square_snowflake], layout_honeycomb,
          lightli_too_deep, serial_shops, shop, grunt_pan_entry_in_and_out,
          serial_bayou_pond_a
Depths:3: minmay_haunted_quarter, layout_cave_pools, enter_ziggurat_c,
          serial_glass, glass_columns_b, glass_columns_c, hell_entry,
          nicolae_abyss_entry_one_way_or_another, kennysheep_generic_room_3,
          uniq_jory
Depths:4: grunt_twist_and_shout, layout_basic, serial_shops, statue_bzr,
          serial_sigils, serial_sigils_hangedman_stare,
          serial_sigils_hangedman_gnaw, serial_sigils_hangedman_scratch,
          serial_sigils_hangedman_confine, pf_hell_entry_tar_spiral,
          rand_demon_pan_entry_3, nicolae_diode_basic, uniq_mennas, uniq_vv
Hell
Dis:1:    layout_subdivisions, hangedman_dis_decor_tower, nrook_loot_triangle
Dis:2:    layout_jigsaw
Dis:3:    layout_subdivisions, nicolae_hells_seeping_fissure
Dis:4:    layout_overlapping_boxes, not_door_vault_due
Dis:5:    layout_jigsaw
Dis:6:    layout_regular_city
Dis:7:    iron_city_of_dis [dis_mu, dis_wall_6], layout_gridville
Geh:1:    layout_gehenna_pools_triple, nicolae_geh_lava_lounge
Geh:2:    layout_gehenna_pools_box
Geh:3:    layout_gehenna_pools_box
Geh:4:    layout_gehenna_pools_box
Geh:5:    layout_gehenna_lava_caves
Geh:6:    layout_gehenna_pools_triple, nicolae_geh_isolated_escape
Geh:7:    geh_mu
Coc:1:    layout_cocytus_water_paths
Coc:2:    layout_cocytus_delve
Coc:3:    layout_cocytus_water_paths
Coc:4:    layout_ice_bergs
Coc:5:    layout_ice_bergs
Coc:6:    layout_cocytus_water_paths
Coc:7:    coc_grunt_cove [coc_grunt_cove_antaeus, coc_grunt_cove_fiend,
          coc_grunt_cove_fiend, coc_grunt_cove_fiend, coc_grunt_cove_fiend]
Tar:1:    layout_grid_maze
Tar:2:    layout_grid_maze
Tar:3:    layout_grid_maze
Tar:4:    layout_grid_maze
Tar:5:    layout_grid_maze
Tar:6:    layout_cathedral_of_symmetry
Tar:7:    tar_grunt_cathedral
Zig:1

Skill      XL: |  1  2  3  4  5  6  7  8  9 10 11 12 13 14 15 16 17 18 19 20 21 22 23 24 25 26 27 |
---------------+----------------------------------------------------------------------------------+-----
Spellcasting   | 3 4 5 7 8 10 11 12 15 16 18 19 20 25 | 25.3
Conjurations   | 6 8 9 12 13 15 20 | 20.0
Fighting       | 2 3 5 6 8 12 14 15 22 | 22.7
Dodging        | 4 5 6 9 10 12 13 16 17 18 19 21 22 25 | 25.6
Evocations     | 1 3 5 9 10 27 | 27.0
Hexes          | 2 4 |  4.0
Earth Magic    | 2 3 4 7 11 12 13 16 20 23 24 | 24.8
Stealth        | 5 7 10 26 | 26.6
Shields        | 5 8 10 21 | 21.7
Air Magic      | 24 | 24.0
Necromancy     | 14 | 14.6
Staves         | 27 | 27.0
Summonings     | 24 | 24.0
Ice Magic      | 24 | 24.0
Transmutations | 11 | 11.0

Action                     |  1- 3 |  4- 6 |  7- 9 | 10-12 | 13-15 | 16-18 | 19-21 | 22-24 | 25-27 || total
---------------------------+-------+-------+-------+-------+-------+-------+-------+-------+-------++-------
  Melee: Unarmed           |     4 |     1 |       |       |       |       |       |       |       ||     5
         Constrict         |     2 |       |     1 |     6 |    16 |     4 |    14 |     5 |   114 ||   162
         Tentacles         |       |     1 |     1 |     9 |    22 |     7 |    52 |    37 |   464 ||   593
         Short sword       |       |       |     4 |    17 |       |       |       |       |       ||    21
         Punch             |       |       |       |     1 |     2 |       |     7 |     2 |    23 ||    35
         Staff             |       |       |       |    22 |    81 |    23 |   136 |    79 |   982 ||  1323
         Kick              |       |       |       |       |       |       |       |       |   337 ||   337
   Cast: Magic Dart        |    41 |    50 |    25 |    37 |     4 |    14 |     1 |       |       ||   172
         Searing Ray       |     4 |    29 |     9 |       |       |       |       |       |       ||    42
         Fulminant Prism   |       |     3 |    54 |   137 |   105 |    36 |    23 |       |       ||   358
         Stone Arrow       |       |       |    49 |   195 |   181 |     6 |     4 |     1 |       ||   436
         Iskenderun's Myst |       |       |       |     2 |    40 |       |       |       |       ||    42
         Iron Shot         |       |       |       |       |   214 |   352 |   355 |    14 |   400 ||  1335
         Shatter           |       |       |       |       |       |       |   133 |   237 |  1294 ||  1664
         Chain Lightning   |       |       |       |       |       |       |       |       |   370 ||   370
         Lehudib's Crystal |       |       |       |       |       |       |       |       |   149 ||   149
         Apportation       |       |       |       |       |       |       |       |       |    39 ||    39
         Necromutation     |       |       |       |       |       |       |       |       |    34 ||    34
         Polar Vortex      |       |       |       |       |       |       |       |       |     9 ||     9
         Death Channel     |       |       |       |       |       |       |       |       |     2 ||     2
         Dragon's Call     |       |       |       |       |       |       |       |       |     2 ||     2
 Invoke: Call Merchant     |       |       |       |     2 |     3 |     1 |     1 |     3 |     3 ||    13
         Potion Petition   |       |       |       |     1 |     1 |       |       |       |    50 ||    52
Ability: Evoke the Sceptre |       |       |       |       |       |       |       |       |    26 ||    26
         End Transformatio |       |       |       |       |       |       |       |       |     3 ||     3
  Evoke: Wand              |       |       |     2 |    19 |     5 |    10 |     1 |       |     5 ||    42
         Box of beasts     |       |       |       |       |       |       |       |       |     6 ||     6
         Phantom mirror    |       |       |       |       |       |       |       |       |     5 ||     5
         Condenser vane    |       |       |       |       |       |       |       |       |     3 ||     3
         Horn of Geryon    |       |       |       |       |       |       |       |       |     7 ||     7
         Figurine of a zig |       |       |       |       |       |       |       |       |     2 ||     2
    Use: Scroll            |     3 |     8 |     6 |    12 |     7 |    10 |     4 |       |    29 ||    79
         Potion            |       |       |     4 |     5 |     1 |     3 |     3 |     1 |    50 ||    67
   Stab: Distracted        |       |       |       |       |     1 |     1 |     7 |     1 |    37 ||    47
         Invisible         |       |       |       |       |     1 |       |       |       |     6 ||     7
         Sleeping          |       |       |       |       |       |       |       |       |     3 ||     3
 Armour: Skin              |     2 |     7 |       |     1 |     9 |     7 |    15 |     7 |    90 ||   138
  Dodge: Dodged            |     6 |    20 |    29 |   108 |   282 |   166 |   206 |   177 |  1086 ||  2080
  Block: Other             |       |       |       |     5 |       |       |       |       |       ||     5
         Reflection        |       |       |       |    13 |     9 |     1 |    60 |    35 |     1 ||   119
         Buckler           |       |       |       |    66 |   249 |   108 |   218 |   140 |    25 ||   806
         Tower shield      |       |       |       |       |       |       |       |       |  1995 ||  1995

Table legend: (Time is in decaauts)
 A = Elapsed time spent in this place.
 B = Non-inter-level travel time spent in this place.
 C = Inter-level travel time spent in this place.
 D = Time resting spent in this place.
 E = Time spent auto-exploring this place.
 F = Levels seen in this place.
 G = Mean time per level.
                   A        B        C        D        E       F      G
               +--------+--------+--------+--------+--------+-----+--------+
         Total | 148199 | 143301 |   4898 |  62084 |  52245 | 154 |  962.3 |
       Dungeon |  27822 |  25907 |   1915 |  11885 |  10456 |  15 | 1854.8 |
        Temple |     63 |     63 |      0 |     51 |      0 |   1 |   63.0 |
          Lair |  17594 |  16701 |    893 |  10564 |   3777 |   5 | 3518.8 |
         Swamp |   8438 |   8278 |    160 |   5139 |   1846 |   4 | 2109.5 |
   Spider Nest |   9760 |   9401 |    359 |   5614 |   2343 |   4 | 2440.0 |
    Slime Pits |   3759 |   3696 |     63 |   1419 |   1843 |   5 |  751.8 |
  Orcish Mines |   7197 |   6744 |    453 |   3204 |   2210 |   2 | 3598.5 |
   Elven Halls |   7833 |   7666 |    167 |   4962 |   1568 |   3 | 2611.0 |
        Vaults |  14390 |  14231 |    159 |   5609 |   6870 |   5 | 2878.0 |
         Crypt |   2896 |   2791 |    105 |   1165 |    948 |   3 |  965.3 |
          Tomb |   3629 |   3576 |     53 |    616 |   1960 |   3 | 1209.7 |
        Depths |   9714 |   9336 |    378 |   4143 |   3986 |   4 | 2428.5 |
          Hell |   2153 |   2123 |     30 |   1042 |    594 |   1 | 2153.0 |
           Dis |   1670 |   1670 |      0 |    405 |    257 |   7 |  238.6 |
       Gehenna |   1472 |   1437 |     35 |    193 |      6 |   7 |  210.3 |
       Cocytus |   1568 |   1568 |      0 |    502 |      0 |   7 |  224.0 |
      Tartarus |   1704 |   1578 |    126 |    524 |    271 |   7 |  243.4 |
         Abyss |    796 |    796 |      0 |     56 |    129 |   3 |  265.3 |
   Pandemonium |   9559 |   9559 |      0 |   2157 |   3997 |  11 |  869.0 |
      Ziggurat |  13453 |  13453 |      0 |   1683 |   8229 |  55 |  244.6 |
      Ice Cave |   1708 |   1708 |      0 |    825 |    649 |   1 | 1708.0 |
      Gauntlet |   1011 |   1011 |      0 |    325 |    306 |   1 | 1011.0 |
               +--------+--------+--------+--------+--------+-----+--------+

Top non-repeatable levels by time:
   Orc:2: 5018 daAuts
   Elf:3: 4261 daAuts
  Lair:5: 4235 daAuts
Vaults:4: 3846 daAuts
  Lair:1: 3742 daAuts
  Lair:3: 3627 daAuts
  Lair:4: 3528 daAuts
Vaults:3: 3433 daAuts
Spider:4: 3270 daAuts
Depths:2: 3016 daAuts
     D:9: 2949 daAuts
Vaults:2: 2838 daAuts
  Tomb:1: 2739 daAuts
 Swamp:2: 2606 daAuts
   Elf:1: 2572 daAuts
